Workbook

Sheet Diocese Sheet
A1: Parish Code | B1: Parish Legal Name | C1: Parish Local Name | D1: Parish | E1: Archdeaconry | F1: Deanery | G1: 2027 Guided pledge | H1: 2026 Guided pledge | I1: Unrestricted income 2025 (per PFR) if not then used 2024 | J1: Unrestricted income 2024 (per PFR) if not then used 2023 | K1: Unrestricted income 2023 (per PFR) if not then used 2022 | L1: Unrestricted reserves 2025 (per PFR) if not then use 2024 | M1: Unrestricted reserves 2024 (per PFR) if not then use 2023 | N1: Unrestricted reserves 2023 (per PFR) | O1: Restricted reserves 2025 (per PFR) | P1: Restricted reserves 2024 (per PFR) | Q1: Restricted reserves 2023 (per PFR) | R1: Restricted income 2025 (per PFR) | S1: Restricted income 2024 (per PFR) | T1: Restricted income 2023 (per PFR) | U1: Unrestricted income plus 10% restricted income | V1: Unrestricted reserves plus 10% restricted reserves | W1: Guided pledge - finance 2027 | X1: 2026 Clergy per Deanery Plan per Arch Deacons updated JM | Y1: Guided pledge - clergy 2027 | Z1: inverse of IMD2025 score (larger IMD score means more deprived) | AA1: Guided pledge - IMD 2027 | AB1: 2025 Usual Sunday Attendance | AC1: 2025 Electoral roll updated used for 2027 | AD1: Parish population per national church info used for 2027 (2025 census) | AE1: Guided pledge - people 2027 | AF1: Uncapped Guided pledge - UGP | AG1: URes > Ave UnInc 3 years => Uncap else lower Uncap & 65%Uinc | AH1: 2027 pledge before 200% limit | AI1: GP 2027 - 2006 Offering + Infl | AJ1: GP Max set at 200% of Ministry cost | AK1: 107720.93 | AL1: 2026 Revised Pledge
A2: 130187 | B2: St. Helen Auckland | C2: Auckland: St Helen | D2: Auckland St Helen | E2: AUCKLAND | F2: AUCKLAND | G2: =+AJ2 -> 41358.483 | H2: 35531.274 | I2: 73439 | J2: 71936 | K2: 68042 | L2: 72114 | M2: 45427 | N2: 5953 | O2: 54986 | P2: 123920 | Q2: 148691 | R2: 6066 | S2: 6114 | T2: 13318 | U2: =I2+R2*0.1 -> 74045.6 | V2: =L2+0.1*O2 -> 77612.6 | W2: =SUM(U2*'Factors & Percentages'!$E$6+V2*'Factors & Percentages'!$E$7) -> 12482.577 | X2: 1 | Y2: =X2*'Factors & Percentages'!$E$10 -> 14160.969 | Z2: 0.029142879 | AA2: =+'Factors & Percentages'!E$13*Z2 -> 4857.3646 | AB2: 40 | AC2: 124 | AD2: 6108 | AE2: =AB2*'Factors & Percentages'!$E$16+AC2*'Factors & Percentages'!$E$17+AD2*'Factors & Percentages'!$E$18 -> 9857.5723 | AF2: =W2+Y2+AA2+AE2 -> 41358.483 | AG2: =IF($L2>SUM(I2:K2)/3,$AF2,MIN(AF2,$I2*0.65)) -> 41358.483 | AH2: =IF($AL2>$AF2,$AL2*(1+'Factors & Percentages'!$B$3), IF($AF2>$AG2,$AG2, IF($AF2>$BOJ2,$AF2, $AL2*(1+'Factors & Percentages'!$B$3)))) -> 41358.483 | AI2: =IF(+MIN(AH2,+X2*2*AK$1)-(AL2*(1+'Factors & Percentages'!B$3))>0,0,+MIN(AH2,+X2*2*AK$1)-(AL2*(1+'Factors & Percentages'!B$3))) -> 0 | AJ2: =MIN(AH2-AI2,+X2*2*AK$1) -> 41358.483 | AL2: 25000
A3: 130210 | B3: Barnard Castle with Whorlton | C3: Barnard Castle w Whorlton | D3: Barnard Castle w Whorlton | E3: AUCKLAND | F3: Durham Dales | G3: =+AJ3 -> 61800 | H3: 68250 | I3: 106872 | J3: 98533 | K3: 106357 | L3: 79046 | M3: 79688 | N3: 60138 | O3: 33987 | P3: 28048 | Q3: 54038 | R3: 4647 | S3: 11372 | T3: 27138 | U3: =I3+R3*0.1 -> 107336.7 | V3: =L3+0.1*O3 -> 82444.7 | W3: =SUM(U3*'Factors & Percentages'!$E$6+V3*'Factors & Percentages'!$E$7) -> 15985.62 | X3: 1 | Y3: =X3*'Factors & Percentages'!$E$10 -> 14160.969 | Z3: 0.061786367 | AA3: =+'Factors & Percentages'!E$13*Z3 -> 10298.19 | AB3: 93 | AC3: 114 | AD3: 6817 | AE3: =AB3*'Factors & Percentages'!$E$16+AC3*'Factors & Percentages'!$E$17+AD3*'Factors & Percentages'!$E$18 -> 16877.303 | AF3: =W3+Y3+AA3+AE3 -> 57322.083 | AG3: =IF($L3>SUM(I3:K3)/3,$AF3,MIN(AF3,$I3*0.65)) -> 57322.083 | AH3: =IF($AL3>$AF3,$AL3*(1+'Factors & Percentages'!$B$3), IF($AF3>$AG3,$AG3, IF($AF3>$BOJ3,$AF3, $AL3*(1+'Factors & Percentages'!$B$3)))) -> 61800 | AI3: =IF(+MIN(AH3,+X3*2*AK$1)-(AL3*(1+'Factors & Percentages'!B$3))>0,0,+MIN(AH3,+X3*2*AK$1)-(AL3*(1+'Factors & Percentages'!B$3))) -> 0 | AJ3: =MIN(AH3-AI3,+X3*2*AK$1) -> 61800 | AL3: 60000
A4: 130014 | B4: Saint Edmund Bearpark | C4: Bearpark | D4: Bearpark | E4: DURHAM | F4: DURHAM | G4: =+AJ4 -> 18255.39 | H4: 12648.497 | I4: 23846 | J4: 17020 | K4: 28160 | L4: 47237 | M4: 33555 | N4: 129896 | O4: 12637 | P4: 11907 | Q4: 8221 | R4: 888 | S4: 928 | T4: 2644 | U4: =I4+R4*0.1 -> 23934.8 | V4: =L4+0.1*O4 -> 48500.7 | W4: =SUM(U4*'Factors & Percentages'!$E$6+V4*'Factors & Percentages'!$E$7) -> 5677.5321 | X4: 0.2 | Y4: =X4*'Factors & Percentages'!$E$10 -> 2832.1939 | Z4: 0.035212631 | AA4: =+'Factors & Percentages'!E$13*Z4 -> 5869.0355 | AB4: 20 | AC4: 29 | AD4: 2073 | AE4: =AB4*'Factors & Percentages'!$E$16+AC4*'Factors & Percentages'!$E$17+AD4*'Factors & Percentages'!$E$18 -> 3876.6286 | AF4: =W4+Y4+AA4+AE4 -> 18255.39 | AG4: =IF($L4>SUM(I4:K4)/3,$AF4,MIN(AF4,$I4*0.65)) -> 18255.39 | AH4: =IF($AL4>$AF4,$AL4*(1+'Factors & Percentages'!$B$3), IF($AF4>$AG4,$AG4, IF($AF4>$BOJ4,$AF4, $AL4*(1+'Factors & Percentages'!$B$3)))) -> 18255.39 | AI4: =IF(+MIN(AH4,+X4*2*AK$1)-(AL4*(1+'Factors & Percentages'!B$3))>0,0,+MIN(AH4,+X4*2*AK$1)-(AL4*(1+'Factors & Percentages'!B$3))) -> 0 | AJ4: =MIN(AH4-AI4,+X4*2*AK$1) -> 18255.39 | AL4: 6000
A5: 130015 | B5: Belmont | C5: Belmont | D5: Belmont | E5: DURHAM | F5: DURHAM | G5: =+AJ5 -> 46129.267 | H5: 53401.595 | I5: 50107 | J5: 56095 | K5: 57469 | L5: 100190 | M5: 113775 | N5: 24475 | O5: 0 | P5: 0 | Q5: 0 | R5: 0 | S5: 0 | T5: 28674 | U5: =I5+R5*0.1 -> 50107 | V5: =L5+0.1*O5 -> 100190 | W5: =SUM(U5*'Factors & Percentages'!$E$6+V5*'Factors & Percentages'!$E$7) -> 11791.417 | X5: 0.7 | Y5: =X5*'Factors & Percentages'!$E$10 -> 9912.6785 | Z5: 0.092007324 | AA5: =+'Factors & Percentages'!E$13*Z5 -> 15335.243 | AB5: 40 | AC5: 78 | AD5: 7920 | AE5: =AB5*'Factors & Percentages'!$E$16+AC5*'Factors & Percentages'!$E$17+AD5*'Factors & Percentages'!$E$18 -> 9089.9284 | AF5: =W5+Y5+AA5+AE5 -> 46129.267 | AG5: =IF($L5>SUM(I5:K5)/3,$AF5,MIN(AF5,$I5*0.65)) -> 46129.267 | AH5: =IF($AL5>$AF5,$AL5*(1+'Factors & Percentages'!$B$3), IF($AF5>$AG5,$AG5, IF($AF5>$BOJ5,$AF5, $AL5*(1+'Factors & Percentages'!$B$3)))) -> 46129.267 | AI5: =IF(+MIN(AH5,+X5*2*AK$1)-(AL5*(1+'Factors & Percentages'!B$3))>0,0,+MIN(AH5,+X5*2*AK$1)-(AL5*(1+'Factors & Percentages'!B$3))) -> 0 | AJ5: =MIN(AH5-AI5,+X5*2*AK$1) -> 46129.267 | AL5: 25000
A6: 130136 | B6: Benfieldside | C6: Benfieldside | D6: Benfieldside | E6: DURHAM | F6: LANCHESTER | G6: =+AJ6 -> 28793.65 | H6: 32952.927 | I6: 43336 | J6: 43421 | K6: 43007 | L6: 41019 | M6: 45373 | N6: 43958 | O6: 5051 | P6: 23167 | Q6: 18711 | R6: 22073 | S6: 1227 | T6: 672 | U6: =I6+R6*0.1 -> 45543.3 | V6: =L6+0.1*O6 -> 41524.1 | W6: =SUM(U6*'Factors & Percentages'!$E$6+V6*'Factors & Percentages'!$E$7) -> 7241.7649 | X6: 0.5 | Y6: =X6*'Factors & Percentages'!$E$10 -> 7080.4846 | Z6: 0.053154733 | AA6: =+'Factors & Percentages'!E$13*Z6 -> 8859.5201 | AB6: 37 | AC6: 77 | AD6: 9668 | AE6: =AB6*'Factors & Percentages'!$E$16+AC6*'Factors & Percentages'!$E$17+AD6*'Factors & Percentages'!$E$18 -> 9046.0082 | AF6: =W6+Y6+AA6+AE6 -> 32227.778 | AG6: =IF($L6>SUM(I6:K6)/3,$AF6,MIN(AF6,$I6*0.65)) -> 28168.4 | AH6: =IF($AL6>$AF6,$AL6*(1+'Factors & Percentages'!$B$3), IF($AF6>$AG6,$AG6, IF($AF6>$BOJ6,$AF6, $AL6*(1+'Factors & Percentages'!$B$3)))) -> 28168.4 | AI6: =IF(+MIN(AH6,+X6*2*AK$1)-(AL6*(1+'Factors & Percentages'!B$3))>0,0,+MIN(AH6,+X6*2*AK$1)-(AL6*(1+'Factors & Percentages'!B$3))) -> -625.25 | AJ6: =MIN(AH6-AI6,+X6*2*AK$1) -> 28793.65 | AL6: 27955
A7: 130063 | B7: Bensham and Teams | C7: Bensham and Teams | D7: Bensham & Teams | E7: SUNDERLAND | F7: GATESHEAD | G7: =+AJ7 -> 41090.118 | H7: 34616.265 | I7: 38737 | J7: 27580 | K7: 32645 | L7: 191437 | M7: 190594 | N7: 190790 | O7: 0 | P7: 0 | Q7: 10379 | R7: 2353 | S7: 2353 | T7: 0 | U7: =I7+R7*0.1 -> 38972.3 | V7: =L7+0.1*O7 -> 191437 | W7: =SUM(U7*'Factors & Percentages'!$E$6+V7*'Factors & Percentages'!$E$7) -> 17134.914 | X7: 1 | Y7: =X7*'Factors & Percentages'!$E$10 -> 14160.969 | Z7: 0.023298727 | AA7: =+'Factors & Percentages'!E$13*Z7 -> 3883.2955 | AB7: 11 | AC7: 11 | AD7: 18899 | AE7: =AB7*'Factors & Percentages'!$E$16+AC7*'Factors & Percentages'!$E$17+AD7*'Factors & Percentages'!$E$18 -> 5910.9386 | AF7: =W7+Y7+AA7+AE7 -> 41090.118 | AG7: =IF($L7>SUM(I7:K7)/3,$AF7,MIN(AF7,$I7*0.65)) -> 41090.118 | AH7: =IF($AL7>$AF7,$AL7*(1+'Factors & Percentages'!$B$3), IF($AF7>$AG7,$AG7, IF($AF7>$BOJ7,$AF7, $AL7*(1+'Factors & Percentages'!$B$3)))) -> 41090.118 | AI7: =IF(+MIN(AH7,+X7*2*AK$1)-(AL7*(1+'Factors & Percentages'!B$3))>0,0,+MIN(AH7,+X7*2*AK$1)-(AL7*(1+'Factors & Percentages'!B$3))) -> 0 | AJ7: =MIN(AH7-AI7,+X7*2*AK$1) -> 41090.118 | AL7: 13020
A8: 130344 | B8: Billingham | C8: Billingham | D8: Billingham | E8: AUCKLAND | F8: STOCKTON | G8: =+AJ8 -> 70781.127 | H8: 71348.546 | I8: 112186 | J8: 130933 | K8: 119533 | L8: 51815 | M8: 76920 | N8: 179949 | O8: 23150 | P8: 5274 | Q8: 9556 | R8: 23204 | S8: 705 | T8: 0 | U8: =I8+R8*0.1 -> 114506.4 | V8: =L8+0.1*O8 -> 54130 | W8: =SUM(U8*'Factors & Percentages'!$E$6+V8*'Factors & Percentages'!$E$7) -> 14680.521 | X8: 2 | Y8: =X8*'Factors & Percentages'!$E$10 -> 28321.939 | Z8: 0.037519229 | AA8: =+'Factors & Percentages'!E$13*Z8 -> 6253.4856 | AB8: 77 | AC8: 139 | AD8: 34849 | AE8: =AB8*'Factors & Percentages'!$E$16+AC8*'Factors & Percentages'!$E$17+AD8*'Factors & Percentages'!$E$18 -> 21525.182 | AF8: =W8+Y8+AA8+AE8 -> 70781.127 | AG8: =IF($L8>SUM(I8:K8)/3,$AF8,MIN(AF8,$I8*0.65)) -> 70781.127 | AH8: =IF($AL8>$AF8,$AL8*(1+'Factors & Percentages'!$B$3), IF($AF8>$AG8,$AG8, IF($AF8>$BOJ8,$AF8, $AL8*(1+'Factors & Percentages'!$B$3)))) -> 70781.127 | AI8: =IF(+MIN(AH8,+X8*2*AK$1)-(AL8*(1+'Factors & Percentages'!B$3))>0,0,+MIN(AH8,+X8*2*AK$1)-(AL8*(1+'Factors & Percentages'!B$3))) -> 0 | AJ8: =MIN(AH8-AI8,+X8*2*AK$1) -> 70781.127 | AL8: 64000
A9: 130003 | B9: Birtley | C9: Birtley | D9: Birtley | E9: SUNDERLAND | F9: Gateshead | G9: =+AJ9 -> 17191.2 | H9: 16758.3 | I9: 26448 | J9: 25782 | K9: 39458 | L9: 12896 | M9: 10666 | N9: 13703 | O9: 6550 | P9: 6550 | Q9: 17178 | R9: 1020 | S9: 1020 | T9: 1206 | U9: =I9+R9*0.1 -> 26550 | V9: =L9+0.1*O9 -> 13551 | W9: =SUM(U9*'Factors & Percentages'!$E$6+V9*'Factors & Percentages'!$E$7) -> 3474.0653 | X9: 0.8 | Y9: =X9*'Factors & Percentages'!$E$10 -> 11328.775 | Z9: 0.036451119 | AA9: =+'Factors & Percentages'!E$13*Z9 -> 6075.4593 | AB9: 25 | AC9: 54 | AD9: 13871 | AE9: =AB9*'Factors & Percentages'!$E$16+AC9*'Factors & Percentages'!$E$17+AD9*'Factors & Percentages'!$E$18 -> 7775.5556 | AF9: =W9+Y9+AA9+AE9 -> 28653.856 | AG9: =IF($L9>SUM(I9:K9)/3,$AF9,MIN(AF9,$I9*0.65)) -> 17191.2 | AH9: =IF($AL9>$AF9,$AL9*(1+'Factors & Percentages'!$B$3), IF($AF9>$AG9,$AG9, IF($AF9>$BOJ9,$AF9, $AL9*(1+'Factors & Percentages'!$B$3)))) -> 17191.2 | AI9: =IF(+MIN(AH9,+X9*2*AK$1)-(AL9*(1+'Factors & Percentages'!B$3))>0,0,+MIN(AH9,+X9*2*AK$1)-(AL9*(1+'Factors & Percentages'!B$3))) -> 0 | AJ9: =MIN(AH9-AI9,+X9*2*AK$1) -> 17191.2 | AL9: 12000
A10: 130346 | B10: Bishop Auckland | C10: Bishop Auckland | D10: Bishop Auckland | E10: AUCKLAND | F10: AUCKLAND | G10: =+AJ10 -> 41205.15 | H10: 43110.9 | I10: 48635 | J10: 61546 | K10: 71417 | L10: 18610 | M10: 57577 | N10: 92454 | O10: 35007 | P10: 37367 | Q10: 63654 | R10: 36122 | S10: 22576 | T10: 17420 | U10: =I10+R10*0.1 -> 52247.2 | V10: =L10+0.1*O10 -> 22110.7 | W10: =SUM(U10*'Factors & Percentages'!$E$6+V10*'Factors & Percentages'!$E$7) -> 6516.8972 | X10: 1 | Y10: =X10*'Factors & Percentages'!$E$10 -> 14160.969 | Z10: 0.026522948 | AA10: =+'Factors & Percentages'!E$13*Z10 -> 4420.6898 | AB10: 46 | AC10: 81 | AD10: 19198 | AE10: =AB10*'Factors & Percentages'!$E$16+AC10*'Factors & Percentages'!$E$17+AD10*'Factors & Percentages'!$E$18 -> 12451.166 | AF10: =W10+Y10+AA10+AE10 -> 37549.723 | AG10: =IF($L10>SUM(I10:K10)/3,$AF10,MIN(AF10,$I10*0.65)) -> 31612.75 | AH10: =IF($AL10>$AF10,$AL10*(1+'Factors & Percentages'!$B$3), IF($AF10>$AG10,$AG10, IF($AF10>$BOJ10,$AF10, $AL10*(1+'Factors & Percentages'!$B$3)))) -> 41205.15 | AI10: =IF(+MIN(AH10,+X10*2*AK$1)-(AL10*(1+'Factors & Percentages'!B$3))>0,0,+MIN(AH10,+X10*2*AK$1)-(AL10*(1+'Factors & Percentages'!B$3))) -> 0 | AJ10: =MIN(AH10-AI10,+X10*2*AK$1) -> 41205.15 | AL10: 40005
A11: 130157 | B11: St. Gabriel, Bishopwearmouth | C11: Bishopwearmouth: St Gabriel | D11: Bishopwearmouth St Gabriel | E11: SUNDERLAND | F11: WEARMOUTH | G11: =+AJ11 -> 55329.222 | H11: 51245.951 | I11: 136024 | J11: 127338 | K11: 118659 | L11: 97503 | M11: 85506 | N11: 63959 | O11: 47180 | P11: 38313 | Q11: 35710 | R11: 7410 | S11: 1819 | T11: 816 | U11: =I11+R11*0.1 -> 136765 | V11: =L11+0.1*O11 -> 102221 | W11: =SUM(U11*'Factors & Percentages'!$E$6+V11*'Factors & Percentages'!$E$7) -> 20170.001 | X11: 1 | Y11: =X11*'Factors & Percentages'!$E$10 -> 14160.969 | Z11: 0.036497283 | AA11: =+'Factors & Percentages'!E$13*Z11 -> 6083.1536 | AB11: 75 | AC11: 106 | AD11: 9809 | AE11: =AB11*'Factors & Percentages'!$E$16+AC11*'Factors & Percentages'!$E$17+AD11*'Factors & Percentages'!$E$18 -> 14915.098 | AF11: =W11+Y11+AA11+AE11 -> 55329.222 | AG11: =IF($L11>SUM(I11:K11)/3,$AF11,MIN(AF11,$I11*0.65)) -> 55329.222 | AH11: =IF($AL11>$AF11,$AL11*(1+'Factors & Percentages'!$B$3), IF($AF11>$AG11,$AG11, IF($AF11>$BOJ11,$AF11, $AL11*(1+'Factors & Percentages'!$B$3)))) -> 55329.222 | AI11: =IF(+MIN(AH11,+X11*2*AK$1)-(AL11*(1+'Factors & Percentages'!B$3))>0,0,+MIN(AH11,+X11*2*AK$1)-(AL11*(1+'Factors & Percentages'!B$3))) -> 0 | AJ11: =MIN(AH11-AI11,+X11*2*AK$1) -> 55329.222 | AL11: 30000
A12: 130160 | B12: St. Mary Magdalene, Bishopwcarmouth Millfield | C12: Bishopwearmouth Millfield: St Mary Magdalene | D12: Bishopwearmouth St Mary Magdalene Millfield | E12: SUNDERLAND | F12: WEARMOUTH | G12: =+AJ12 -> 24506.184 | H12: 23495.808 | I12: 37518 | J12: 37518 | K12: 37518 | L12: 47615 | M12: 47615 | N12: 47615 | O12: 0 | P12: 0 | Q12: 0 | R12: 0 | S12: 0 | T12: 0 | U12: =I12+R12*0.1 -> 37518 | V12: =L12+0.1*O12 -> 47615 | W12: =SUM(U12*'Factors & Percentages'!$E$6+V12*'Factors & Percentages'!$E$7) -> 6906.3582 | X12: 0.5 | Y12: =X12*'Factors & Percentages'!$E$10 -> 7080.4846 | Z12: 0.027076863 | AA12: =+'Factors & Percentages'!E$13*Z12 -> 4513.0132 | AB12: 30 | AC12: 52 | AD12: 3000 | AE12: =AB12*'Factors & Percentages'!$E$16+AC12*'Factors & Percentages'!$E$17+AD12*'Factors & Percentages'!$E$18 -> 6006.3279 | AF12: =W12+Y12+AA12+AE12 -> 24506.184 | AG12: =IF($L12>SUM(I12:K12)/3,$AF12,MIN(AF12,$I12*0.65)) -> 24506.184 | AH12: =IF($AL12>$AF12,$AL12*(1+'Factors & Percentages'!$B$3), IF($AF12>$AG12,$AG12, IF($AF12>$BOJ12,$AF12, $AL12*(1+'Factors & Percentages'!$B$3)))) -> 24506.184 | AI12: =IF(+MIN(AH12,+X12*2*AK$1)-(AL12*(1+'Factors & Percentages'!B$3))>0,0,+MIN(AH12,+X12*2*AK$1)-(AL12*(1+'Factors & Percentages'!B$3))) -> 0 | AJ12: =MIN(AH12-AI12,+X12*2*AK$1) -> 24506.184 | AL12: 5000
A13: 130164 | B13: Bishopwearmouth St. Nicholas | C13: Bishopwearmouth: St Nicholas | D13: Bishopwearmouth St Nicholas | E13: SUNDERLAND | F13: WEARMOUTH | G13: =+AJ13 -> 41077.962 | H13: 40859.175 | I13: 48337 | J13: 49076 | K13: 43915 | L13: 54053 | M13: 61115 | N13: 75771 | O13: 28787 | P13: 1507 | Q13: 1596 | R13: 13516 | S13: 839 | T13: 1216 | U13: =I13+R13*0.1 -> 49688.6 | V13: =L13+0.1*O13 -> 56931.7 | W13: =SUM(U13*'Factors & Percentages'!$E$6+V13*'Factors & Percentages'!$E$7) -> 8716.714 | X13: 1 | Y13: =X13*'Factors & Percentages'!$E$10 -> 14160.969 | Z13: 0.050683723 | AA13: =+'Factors & Percentages'!E$13*Z13 -> 8447.6666 | AB13: 38 | AC13: 71 | AD13: 12963 | AE13: =AB13*'Factors & Percentages'!$E$16+AC13*'Factors & Percentages'!$E$17+AD13*'Factors & Percentages'!$E$18 -> 9752.6118 | AF13: =W13+Y13+AA13+AE13 -> 41077.962 | AG13: =IF($L13>SUM(I13:K13)/3,$AF13,MIN(AF13,$I13*0.65)) -> 41077.962 | AH13: =IF($AL13>$AF13,$AL13*(1+'Factors & Percentages'!$B$3), IF($AF13>$AG13,$AG13, IF($AF13>$BOJ13,$AF13, $AL13*(1+'Factors & Percentages'!$B$3)))) -> 41077.962 | AI13: =IF(+MIN(AH13,+X13*2*AK$1)-(AL13*(1+'Factors & Percentages'!B$3))>0,0,+MIN(AH13,+X13*2*AK$1)-(AL13*(1+'Factors & Percentages'!B$3))) -> 0 | AJ13: =MIN(AH13-AI13,+X13*2*AK$1) -> 41077.962 | AL13: 32687
... A36: 130273 | B36: Cornforth and Ferryhill | C36: Cornforth and FerryHill | D36: Cornforth & Ferryhill | E36: DURHAM | F36: DURHAM | G36: =+AJ36 -> 30403.344 | H36: 26374.733 | I36: 47837 | J36: 45272 | K36: 47419 | L36: 20584 | M36: 23973 | N36: 22859 | O36: 4322 | P36: 4908 | Q36: 4906 | R36: 1 | S36: 2 | T36: 501 | U36: =I36+R36*0.1 -> 47837.1 | V36: =L36+0.1*O36 -> 21016.2 | W36: =SUM(U36*'Factors & Percentages'!$E$6+V36*'Factors & Percentages'!$E$7) -> 6020.967 | X36: 0.7 | Y36: =X36*'Factors & Percentages'!$E$10 -> 9912.6785 | Z36: 0.021570273 | AA36: =+'Factors & Percentages'!E$13*Z36 -> 3595.2069 | AB36: 40 | AC36: 109 | AD36: 12463 | AE36: =AB36*'Factors & Percentages'!$E$16+AC36*'Factors & Percentages'!$E$17+AD36*'Factors & Percentages'!$E$18 -> 10874.492 | AF36: =W36+Y36+AA36+AE36 -> 30403.344 | AG36: =IF($L36>SUM(I36:K36)/3,$AF36,MIN(AF36,$I36*0.65)) -> 30403.344 | AH36: =IF($AL36>$AF36,$AL36*(1+'Factors & Percentages'!$B$3), IF($AF36>$AG36,$AG36, IF($AF36>$BOJ36,$AF36, $AL36*(1+'Factors & Percentages'!$B$3)))) -> 30403.344 | AI36: =IF(+MIN(AH36,+X36*2*AK$1)-(AL36*(1+'Factors & Percentages'!B$3))>0,0,+MIN(AH36,+X36*2*AK$1)-(AL36*(1+'Factors & Percentages'!B$3))) -> 0 | AJ36: =MIN(AH36-AI36,+X36*2*AK$1) -> 30403.344 | AL36: 9000
A37: 130190 | B37: Coundon | C37: Coundon | D37: Coundon | E37: AUCKLAND | F37: AUCKLAND | G37: 11536 | H37: 10193.95 | I37: 17748 | J37: 15683 | K37: 16582 | L37: 19723 | M37: 7963 | N37: 5214 | O37: 55060 | P37: 65052 | Q37: 70212 | R37: 10 | S37: 20 | T37: 15 | U37: =I37+R37*0.1 -> 17749 | V37: =L37+0.1*O37 -> 25229 | W37: =SUM(U37*'Factors & Percentages'!$E$6+V37*'Factors & Percentages'!$E$7) -> 3456.9177 | X37: 1 | Y37: =X37*'Factors & Percentages'!$E$10 -> 14160.969 | Z37: 0.021450344 | AA37: =+'Factors & Percentages'!E$13*Z37 -> 3575.2178 | AB37: 19 | AC37: 32 | AD37: 4250 | AE37: =AB37*'Factors & Percentages'!$E$16+AC37*'Factors & Percentages'!$E$17+AD37*'Factors & Percentages'!$E$18 -> 4296.9947 | AF37: =W37+Y37+AA37+AE37 -> 25490.099 | AG37: =IF($L37>SUM(I37:K37)/3,$AF37,MIN(AF37,$I37*0.65)) -> 25490.099 | AH37: =IF($AL37>$AF37,$AL37*(1+'Factors & Percentages'!$B$3), IF($AF37>$AG37,$AG37, IF($AF37>$BOJ37,$AF37, $AL37*(1+'Factors & Percentages'!$B$3)))) -> 25490.099 | AI37: =IF(+MIN(AH37,+X37*2*AK$1)-(AL37*(1+'Factors & Percentages'!B$3))>0,0,+MIN(AH37,+X37*2*AK$1)-(AL37*(1+'Factors & Percentages'!B$3))) -> 0 | AJ37: =MIN(AH37-AI37,+X37*2*AK$1) -> 25490.099 | AL37: 3000
A38: 130272 | B38: Coxhoe | C38: Coxhoe | D38: Coxhoe | E38: DURHAM | F38: DURHAM | G38: 14234 | H38: 16809 | I38: 21898 | J38: 25860 | K38: 23350 | L38: 24738 | M38: 20851 | N38: 28957 | O38: 0 | P38: 0 | Q38: 0 | R38: 0 | S38: 261 | T38: 436 | U38: =I38+R38*0.1 -> 21898 | V38: =L38+0.1*O38 -> 24738 | W38: =SUM(U38*'Factors & Percentages'!$E$6+V38*'Factors & Percentages'!$E$7) -> 3816.7963 | X38: 0.25 | Y38: =X38*'Factors & Percentages'!$E$10 -> 3540.2423 | Z38: 0.05197181 | AA38: =+'Factors & Percentages'!E$13*Z38 -> 8662.3574 | AB38: 14 | AC38: 34 | AD38: 4502 | AE38: =AB38*'Factors & Percentages'!$E$16+AC38*'Factors & Percentages'!$E$17+AD38*'Factors & Percentages'!$E$18 -> 3731.6457 | AF38: =W38+Y38+AA38+AE38 -> 19751.042 | AG38: =IF($L38>SUM(I38:K38)/3,$AF38,MIN(AF38,$I38*0.65)) -> 19751.042 | AH38: =IF($AL38>$AF38,$AL38*(1+'Factors & Percentages'!$B$3), IF($AF38>$AG38,$AG38, IF($AF38>$BOJ38,$AF38, $AL38*(1+'Factors & Percentages'!$B$3)))) -> 19751.042 | AI38: =IF(+MIN(AH38,+X38*2*AK$1)-(AL38*(1+'Factors & Percentages'!B$3))>0,0,+MIN(AH38,+X38*2*AK$1)-(AL38*(1+'Factors & Percentages'!B$3))) -> 0 | AJ38: =MIN(AH38-AI38,+X38*2*AK$1) -> 19751.042 | AL38: 6000
A39: 130283 | B39: Crook | C39: Crook | D39: Crook, St Catherine | E39: AUCKLAND | F39: AUCKLAND | G39: =+AJ39 -> 32319.103 | H39: 24300.179 | I39: 47730 | J39: 42685 | K39: 33602 | L39: 83191 | M39: 69129 | N39: 60354 | O39: 120550 | P39: 550 | Q39: 0 | R39: 0 | S39: 550 | T39: 0 | U39: =I39+R39*0.1 -> 47730 | V39: =L39+0.1*O39 -> 95246 | W39: =SUM(U39*'Factors & Percentages'!$E$6+V39*'Factors & Percentages'!$E$7) -> 11218.64 | X39: 0.5 | Y39: =X39*'Factors & Percentages'!$E$10 -> 7080.4846 | Z39: 0.031693511 | AA39: =+'Factors & Percentages'!E$13*Z39 -> 5282.4891 | AB39: 36 | AC39: 35 | AD39: 13718 | AE39: =AB39*'Factors & Percentages'!$E$16+AC39*'Factors & Percentages'!$E$17+AD39*'Factors & Percentages'!$E$18 -> 8737.4892 | AF39: =W39+Y39+AA39+AE39 -> 32319.103 | AG39: =IF($L39>SUM(I39:K39)/3,$AF39,MIN(AF39,$I39*0.65)) -> 32319.103 | AH39: =IF($AL39>$AF39,$AL39*(1+'Factors & Percentages'!$B$3), IF($AF39>$AG39,$AG39, IF($AF39>$BOJ39,$AF39, $AL39*(1+'Factors & Percentages'!$B$3)))) -> 32319.103 | AI39: =IF(+MIN(AH39,+X39*2*AK$1)-(AL39*(1+'Factors & Percentages'!B$3))>0,0,+MIN(AH39,+X39*2*AK$1)-(AL39*(1+'Factors & Percentages'!B$3))) -> 0 | AJ39: =MIN(AH39-AI39,+X39*2*AK$1) -> 32319.103 | AL39: 15600
A40: 130019 | B40: Croxdale | C40: Croxdale | D40: Croxdale | E40: AUCKLAND | F40: AUCKLAND | G40: =+AJ40 -> 12450.75 | H40: 11357.505 | I40: 19155 | J40: 23498 | K40: 16702 | L40: 3171 | M40: 2141 | N40: 1149 | O40: 8500 | P40: 8274 | Q40: 5235 | R40: 2545 | S40: 4152 | T40: 5235 | U40: =I40+R40*0.1 -> 19409.5 | V40: =L40+0.1*O40 -> 4021 | W40: =SUM(U40*'Factors & Percentages'!$E$6+V40*'Factors & Percentages'!$E$7) -> 2126.8121 | X40: 0.25 | Y40: =X40*'Factors & Percentages'!$E$10 -> 3540.2423 | Z40: 0.032176067 | AA40: =+'Factors & Percentages'!E$13*Z40 -> 5362.9187 | AB40: 15 | AC40: 17 | AD40: 866 | AE40: =AB40*'Factors & Percentages'!$E$16+AC40*'Factors & Percentages'!$E$17+AD40*'Factors & Percentages'!$E$18 -> 2635.6472 | AF40: =W40+Y40+AA40+AE40 -> 13665.62 | AG40: =IF($L40>SUM(I40:K40)/3,$AF40,MIN(AF40,$I40*0.65)) -> 12450.75 | AH40: =IF($AL40>$AF40,$AL40*(1+'Factors & Percentages'!$B$3), IF($AF40>$AG40,$AG40, IF($AF40>$BOJ40,$AF40, $AL40*(1+'Factors & Percentages'!$B$3)))) -> 12450.75 | AI40: =IF(+MIN(AH40,+X40*2*AK$1)-(AL40*(1+'Factors & Percentages'!B$3))>0,0,+MIN(AH40,+X40*2*AK$1)-(AL40*(1+'Factors & Percentages'!B$3))) -> 0 | AJ40: =MIN(AH40-AI40,+X40*2*AK$1) -> 12450.75 | AL40: 11300
A41: 130042 | B41: Dalton le Dale | C41: Dalton le Dale | D41: Dalton le Dale | E41: SUNDERLAND | F41: Easington | G41: 22140 | H41: 20258.72 | I41: 15313 | J41: 16014 | K41: 13174 | L41: 12167 | M41: 30017 | N41: 30702 | O41: 27901 | P41: 8374 | Q41: 8374 | R41: 0 | S41: 0 | T41: 20 | U41: =I41+R41*0.1 -> 15313 | V41: =L41+0.1*O41 -> 14957.1 | W41: =SUM(U41*'Factors & Percentages'!$E$6+V41*'Factors & Percentages'!$E$7) -> 2504.7358 | X41: 0.2 | Y41: =X41*'Factors & Percentages'!$E$10 -> 2832.1939 | Z41: 0.055113727 | AA41: =+'Factors & Percentages'!E$13*Z41 -> 9186.0337 | AB41: 20 | AC41: 31 | AD41: 1469 | AE41: =AB41*'Factors & Percentages'!$E$16+AC41*'Factors & Percentages'!$E$17+AD41*'Factors & Percentages'!$E$18 -> 3794.5359 | AF41: =W41+Y41+AA41+AE41 -> 18317.499 | AG41: =IF($L41>SUM(I41:K41)/3,$AF41,MIN(AF41,$I41*0.65)) -> 9953.45 | AH41: =IF($AL41>$AF41,$AL41*(1+'Factors & Percentages'!$B$3), IF($AF41>$AG41,$AG41, IF($AF41>$BOJ41,$AF41, $AL41*(1+'Factors & Percentages'!$B$3)))) -> 9953.45 | AI41: =IF(+MIN(AH41,+X41*2*AK$1)-(AL41*(1+'Factors & Percentages'!B$3))>0,0,+MIN(AH41,+X41*2*AK$1)-(AL41*(1+'Factors & Percentages'!B$3))) -> 0 | AJ41: =MIN(AH41-AI41,+X41*2*AK$1) -> 9953.45 | AL41: 6000
A42: 130227 | B42: Holy Trinity Darlington | C42: Darlington: Holy Trinity | D42: Darlington Holy Trinity | E42: AUCKLAND | F42: DARLINGTON | G42: =+AJ42 -> 49586.458 | H42: 41232.723 | I42: 80248 | J42: 76050 | K42: 71705 | L42: 84078 | M42: 80073 | N42: 93573 | O42: 10887 | P42: 12177 | Q42: 11061 | R42: 1146 | S42: 1764 | T42: 11461 | U42: =I42+R42*0.1 -> 80362.6 | V42: =L42+0.1*O42 -> 85166.7 | W42: =SUM(U42*'Factors & Percentages'!$E$6+V42*'Factors & Percentages'!$E$7) -> 13612.937 | X42: 1 | Y42: =X42*'Factors & Percentages'!$E$10 -> 14160.969 | Z42: 0.046915758 | AA42: =+'Factors & Percentages'!E$13*Z42 -> 7819.6442 | AB42: 75 | AC42: 87 | AD42: 7805 | AE42: =AB42*'Factors & Percentages'!$E$16+AC42*'Factors & Percentages'!$E$17+AD42*'Factors & Percentages'!$E$18 -> 13992.907 | AF42: =W42+Y42+AA42+AE42 -> 49586.458 | AG42: =IF($L42>SUM(I42:K42)/3,$AF42,MIN(AF42,$I42*0.65)) -> 49586.458 | AH42: =IF($AL42>$AF42,$AL42*(1+'Factors & Percentages'!$B$3), IF($AF42>$AG42,$AG42, IF($AF42>$BOJ42,$AF42, $AL42*(1+'Factors & Percentages'!$B$3)))) -> 49586.458 | AI42: =IF(+MIN(AH42,+X42*2*AK$1)-(AL42*(1+'Factors & Percentages'!B$3))>0,0,+MIN(AH42,+X42*2*AK$1)-(AL42*(1+'Factors & Percentages'!B$3))) -> 0 | AJ42: =MIN(AH42-AI42,+X42*2*AK$1) -> 49586.458 | AL42: 41233
A43: 130230 | B43: Darlington St. Cuthbert | C43: Darlington: St Cuthbert | D43: Darlington St Cuthbert | E43: AUCKLAND | F43: DARLINGTON | G43: =+AJ43 -> 49796.152 | H43: 38808.081 | I43: 131681 | J43: 106955 | K43: 103953 | L43: 128741 | M43: 90625 | N43: 74312 | O43: 553154 | P43: 209161 | Q43: 287463 | R43: 5648 | S43: 5418 | T43: 5535 | U43: =I43+R43*0.1 -> 132245.8 | V43: =L43+0.1*O43 -> 184056.4 | W43: 17270.083 | X43: 1 | Y43: =X43*'Factors & Percentages'!$E$10 -> 14160.969 | Z43: 0.027955138 | AA43: =+'Factors & Percentages'!E$13*Z43 -> 4659.3988 | AB43: 84 | AC43: 91 | AD43: 540 | AE43: =AB43*'Factors & Percentages'!$E$16+AC43*'Factors & Percentages'!$E$17+AD43*'Factors & Percentages'!$E$18 -> 13705.701 | AF43: =W43+Y43+AA43+AE43 -> 49796.152 | AG43: =IF($L43>SUM(I43:K43)/3,$AF43,MIN(AF43,$I43*0.65)) -> 49796.152 | AH43: =IF($AL43>$AF43,$AL43*(1+'Factors & Percentages'!$B$3), IF($AF43>$AG43,$AG43, IF($AF43>$BOJ43,$AF43, $AL43*(1+'Factors & Percentages'!$B$3)))) -> 49796.152 | AI43: =IF(+MIN(AH43,+X43*2*AK$1)-(AL43*(1+'Factors & Percentages'!B$3))>0,0,+MIN(AH43,+X43*2*AK$1)-(AL43*(1+'Factors & Percentages'!B$3))) -> 0 | AJ43: =MIN(AH43-AI43,+X43*2*AK$1) -> 49796.152 | AL43: 36000
A44: 130354 | B44: Saint Herbert and Saint John Darlington | C44: St Herbert and St John Darlington | D44: Darlington St Herbert and St John | E44: AUCKLAND | F44: DARLINGTON | G44: =+AJ44 -> 16083.45 | H44: 20175.35 | I44: 22054 | J44: 31039 | K44: 25376 | L44: 7579 | M44: 10703 | N44: 4665 | O44: 0 | P44: 0 | Q44: 11816 | R44: 0 | S44: 0 | T44: 3816 | U44: =I44+R44*0.1 -> 22054 | V44: =L44+0.1*O44 -> 7579 | W44: =SUM(U44*'Factors & Percentages'!$E$6+V44*'Factors & Percentages'!$E$7) -> 2627.7729 | X44: 1 | Y44: =X44*'Factors & Percentages'!$E$10 -> 14160.969 | Z44: 0.028906747 | AA44: =+'Factors & Percentages'!E$13*Z44 -> 4818.0075 | AB44: 22 | AC44: 25 | AD44: 18803 | AE44: =AB44*'Factors & Percentages'!$E$16+AC44*'Factors & Percentages'!$E$17+AD44*'Factors & Percentages'!$E$18 -> 7721.8893 | AF44: =W44+Y44+AA44+AE44 -> 29328.639 | AG44: =IF($L44>SUM(I44:K44)/3,$AF44,MIN(AF44,$I44*0.65)) -> 14335.1 | AH44: =IF($AL44>$AF44,$AL44*(1+'Factors & Percentages'!$B$3), IF($AF44>$AG44,$AG44, IF($AF44>$BOJ44,$AF44, $AL44*(1+'Factors & Percentages'!$B$3)))) -> 14335.1 | AI44: =IF(+MIN(AH44,+X44*2*AK$1)-(AL44*(1+'Factors & Percentages'!B$3))>0,0,+MIN(AH44,+X44*2*AK$1)-(AL44*(1+'Factors & Percentages'!B$3))) -> -1748.35 | AJ44: =MIN(AH44-AI44,+X44*2*AK$1) -> 16083.45 | AL44: 15615
A45: 130229 | B45: Darlington St. Hilda and St. Columba | C45: Darlington: St Hilda & St Columba | D45: Darlington St Hilda & St Columba | E45: AUCKLAND | F45: DARLINGTON | G45: =+AJ45 -> 18540 | H45: 18900 | I45: 25175 | J45: 23844 | K45: 22653 | L45: 18831 | M45: 21954 | N45: 18012 | O45: 6156 | P45: 1226 | Q45: 1237 | R45: 10075 | S45: 1522 | T45: 391 | U45: =I45+R45*0.1 -> 26182.5 | V45: =L45+0.1*O45 -> 19446.6 | W45: =SUM(U45*'Factors & Percentages'!$E$6+V45*'Factors & Percentages'!$E$7) -> 3852.7642 | X45: 0.2 | Y45: =X45*'Factors & Percentages'!$E$10 -> 2832.1939 | Z45: 0.02212267 | AA45: =+'Factors & Percentages'!E$13*Z45 -> 3687.2773 | AB45: 21 | AC45: 26 | AD45: 6488 | AE45: =AB45*'Factors & Percentages'!$E$16+AC45*'Factors & Percentages'!$E$17+AD45*'Factors & Percentages'!$E$18 -> 4905.5073 | AF45: =W45+Y45+AA45+AE45 -> 15277.743 | AG45: =IF($L45>SUM(I45:K45)/3,$AF45,MIN(AF45,$I45*0.65)) -> 15277.743 | AH45: =IF($AL45>$AF45,$AL45*(1+'Factors & Percentages'!$B$3), IF($AF45>$AG45,$AG45, IF($AF45>$BOJ45,$AF45, $AL45*(1+'Factors & Percentages'!$B$3)))) -> 18540 | AI45: =IF(+MIN(AH45,+X45*2*AK$1)-(AL45*(1+'Factors & Percentages'!B$3))>0,0,+MIN(AH45,+X45*2*AK$1)-(AL45*(1+'Factors & Percentages'!B$3))) -> 0 | AJ45: =MIN(AH45-AI45,+X45*2*AK$1) -> 18540 | AL45: 18000
A46: 130233 | B46: St. James, Albert Hill | C46: Darlington: St James | D46: Darlington St James | E46: AUCKLAND | F46: DARLINGTON | G46: =+AJ46 -> 14595.086 | H46: 10139.51 | I46: 39939 | J46: 38044 | K46: 41541 | L46: 9064 | M46: 2415 | N46: 13598 | O46: 714 | P46: 1224 | Q46: 797 | R46: 837 | S46: 2703 | T46: 1365 | U46: =I46+R46*0.1 -> 40022.7 | V46: =L46+0.1*O46 -> 9135.4 | W46: =SUM(U46*'Factors & Percentages'!$E$6+V46*'Factors & Percentages'!$E$7) -> 4444.7368 | X46: 0.1 | Y46: =X46*'Factors & Percentages'!$E$10 -> 1416.0969 | Z46: 0.025690034 | AA46: =+'Factors & Percentages'!E$13*Z46 -> 4281.8647 | AB46: 23 | AC46: 27 | AD46: 3090 | AE46: =AB46*'Factors & Percentages'!$E$16+AC46*'Factors & Percentages'!$E$17+AD46*'Factors & Percentages'!$E$18 -> 4452.3872 | AF46: =W46+Y46+AA46+AE46 -> 14595.086 | AG46: =IF($L46>SUM(I46:K46)/3,$AF46,MIN(AF46,$I46*0.65)) -> 14595.086 | AH46: =IF($AL46>$AF46,$AL46*(1+'Factors & Percentages'!$B$3), IF($AF46>$AG46,$AG46, IF($AF46>$BOJ46,$AF46, $AL46*(1+'Factors & Percentages'!$B$3)))) -> 14595.086 | AI46: =IF(+MIN(AH46,+X46*2*AK$1)-(AL46*(1+'Factors & Percentages'!B$3))>0,0,+MIN(AH46,+X46*2*AK$1)-(AL46*(1+'Factors & Percentages'!B$3))) -> 0 | AJ46: =MIN(AH46-AI46,+X46*2*AK$1) -> 14595.086 | AL46: 9000
A47: 130236 | B47: Darlington St. Mark with St. Paul | C47: Darlington: St Mark w St Paul | D47: Darlington St Mark w St Paul | E47: AUCKLAND | F47: DARLINGTON | G47: =+AJ47 -> 22492.6 | H47: 24834.669 | I47: 34604 | J47: 43890 | K47: 31609 | L47: 18372 | M47: 37811 | N47: 19433 | O47: 29901 | P47: 18233 | Q47: 7376 | R47: 43283 | S47: 0 | T47: 1200 | U47: =I47+R47*0.1 -> 38932.3 | V47: =L47+0.1*O47 -> 21362.1 | W47: =SUM(U47*'Factors & Percentages'!$E$6+V47*'Factors & Percentages'!$E$7) -> 5198.9108 | X47: 0.5 | Y47: =X47*'Factors & Percentages'!$E$10 -> 7080.4846 | Z47: 0.036117642 | AA47: =+'Factors & Percentages'!E$13*Z47 -> 6019.8774 | AB47: 33 | AC47: 59 | AD47: 12421 | AE47: =AB47*'Factors & Percentages'!$E$16+AC47*'Factors & Percentages'!$E$17+AD47*'Factors & Percentages'!$E$18 -> 8657.83 | AF47: =W47+Y47+AA47+AE47 -> 26957.103 | AG47: =IF($L47>SUM(I47:K47)/3,$AF47,MIN(AF47,$I47*0.65)) -> 22492.6 | AH47: =IF($AL47>$AF47,$AL47*(1+'Factors & Percentages'!$B$3), IF($AF47>$AG47,$AG47, IF($AF47>$BOJ47,$AF47, $AL47*(1+'Factors & Percentages'!$B$3)))) -> 22492.6 | AI47: =IF(+MIN(AH47,+X47*2*AK$1)-(AL47*(1+'Factors & Percentages'!B$3))>0,0,+MIN(AH47,+X47*2*AK$1)-(AL47*(1+'Factors & Percentages'!B$3))) -> 0 | AJ47: =MIN(AH47-AI47,+X47*2*AK$1) -> 22492.6 | AL47: 20051
A48: 130238 | B48: St. Matthew and St. Luke, Darlington | C48: Darlington: St Matthew & St Luke | D48: Darlington St Matthew w St Luke | E48: AUCKLAND | F48: DARLINGTON | G48: =+AJ48 -> 18016.05 | H48: 19028.379 | I48: 27717 | J48: 31702 | K48: 36070 | L48: 14237 | M48: 18276 | N48: 15754 | O48: 6173 | P48: 13884 | Q48: 3043 | R48: 6273 | S48: 9030 | T48: 3748 | U48: =I48+R48*0.1 -> 28344.3 | V48: =L48+0.1*O48 -> 14854.3 | W48: =SUM(U48*'Factors & Percentages'!$E$6+V48*'Factors & Percentages'!$E$7) -> 3736.0356 | X48: 0.5 | Y48: =X48*'Factors & Percentages'!$E$10 -> 7080.4846 | Z48: 0.027535921 | AA48: =+'Factors & Percentages'!E$13*Z48 -> 4589.5262 | AB48: 25 | AC48: 39 | AD48: 7600 | AE48: =AB48*'Factors & Percentages'!$E$16+AC48*'Factors & Percentages'!$E$17+AD48*'Factors & Percentages'!$E$18 -> 6016.6617 | AF48: =W48+Y48+AA48+AE48 -> 21422.708 | AG48: =IF($L48>SUM(I48:K48)/3,$AF48,MIN(AF48,$I48*0.65)) -> 18016.05 | AH48: =IF($AL48>$AF48,$AL48*(1+'Factors & Percentages'!$B$3), IF($AF48>$AG48,$AG48, IF($AF48>$BOJ48,$AF48, $AL48*(1+'Factors & Percentages'!$B$3)))) -> 18016.05 | AI48: =IF(+MIN(AH48,+X48*2*AK$1)-(AL48*(1+'Factors & Percentages'!B$3))>0,0,+MIN(AH48,+X48*2*AK$1)-(AL48*(1+'Factors & Percentages'!B$3))) -> 0 | AJ48: =MIN(AH48-AI48,+X48*2*AK$1) -> 18016.05 | AL48: 14100
A49: 130240 | B49: Dinsdale | C49: Dinsdale | D49: Dinsdale | E49: AUCKLAND | F49: DARLINGTON | G49: =+AJ49 -> 3976.0567 | H49: 4285.45 | I49: 7594 | J49: 5858 | K49: 4773 | L49: 7889 | M49: 5347 | N49: 5347 | O49: 201 | P49: 0 | Q49: 0 | R49: 100 | S49: 0 | T49: 0 | U49: =I49+R49*0.1 -> 7604 | V49: =L49+0.1*O49 -> 7909.1 | W49: =SUM(U49*'Factors & Percentages'!$E$6+V49*'Factors & Percentages'!$E$7) -> 1277.585 | X49: 0.1 | Y49: =X49*'Factors & Percentages'!$E$10 -> 1416.0969 | Z49: 0.046557102 | AA49: =+'Factors & Percentages'!E$13*Z49 -> 7759.8655 | AB49: 5 | AC49: 9 | AD49: 32 | AE49: =AB49*'Factors & Percentages'!$E$16+AC49*'Factors & Percentages'!$E$17+AD49*'Factors & Percentages'!$E$18 -> 906.61465 | AF49: =W49+Y49+AA49+AE49 -> 11360.162 | AG49: =IF($L49>SUM(I49:K49)/3,$AF49,MIN(AF49,$I49*0.65)) -> 11360.162 | AH49: =IF($AL49>$AF49,$AL49*(1+'Factors & Percentages'!$B$3), IF($AF49>$AG49,$AG49, IF($AF49>$BOJ49,$AF49, $AL49*(1+'Factors & Percentages'!$B$3)))) -> 11360.162 | AI49: =IF(+MIN(AH49,+X49*2*AK$1)-(AL49*(1+'Factors & Percentages'!B$3))>0,0,+MIN(AH49,+X49*2*AK$1)-(AL49*(1+'Factors & Percentages'!B$3))) -> 0 | AJ49: =MIN(AH49-AI49,+X49*2*AK$1)*0.35 -> 3976.0567 | AL49: 1000
A50: 130080 | B50: St. Nicholas with Christ Church Dunston | C50: Dunston: St Nicholas w Christ Church | D50: Dunston St Nicholas w Christ Church | E50: SUNDERLAND | F50: GATESHEAD, WEST | G50: =+AJ50 -> 37661.689 | H50: 34885.2 | I50: 70598 | J50: 70304 | K50: 57047 | L50: 45334 | M50: 28958 | N50: 34877 | O50: 0 | P50: 0 | Q50: 0 | R50: 0 | S50: 0 | T50: 0 | U50: =I50+R50*0.1 -> 70598 | V50: =L50+0.1*O50 -> 45334 | W50: =SUM(U50*'Factors & Percentages'!$E$6+V50*'Factors & Percentages'!$E$7) -> 9890.2938 | X50: 1 | Y50: =X50*'Factors & Percentages'!$E$10 -> 14160.969 | Z50: 0.04161309 | AA50: =+'Factors & Percentages'!E$13*Z50 -> 6935.8264 | AB50: 25 | AC50: 48 | AD50: 9555 | AE50: =AB50*'Factors & Percentages'!$E$16+AC50*'Factors & Percentages'!$E$17+AD50*'Factors & Percentages'!$E$18 -> 6674.599 | AF50: =W50+Y50+AA50+AE50 -> 37661.689 | AG50: =IF($L50>SUM(I50:K50)/3,$AF50,MIN(AF50,$I50*0.65)) -> 37661.689 | AH50: =IF($AL50>$AF50,$AL50*(1+'Factors & Percentages'!$B$3), IF($AF50>$AG50,$AG50, IF($AF50>$BOJ50,$AF50, $AL50*(1+'Factors & Percentages'!$B$3)))) -> 37661.689 | AI50: =IF(+MIN(AH50,+X50*2*AK$1)-(AL50*(1+'Factors & Percentages'!B$3))>0,0,+MIN(AH50,+X50*2*AK$1)-(AL50*(1+'Factors & Percentages'!B$3))) -> 0 | AJ50: =MIN(AH50-AI50,+X50*2*AK$1) -> 37661.689 | AL50: 34885
A51: 130020 | B51: Saint Cuthbert and Saint Aidan, Durham | C51: Durham: Saint Cuthbert and Saint Aidan | D51: Durham St Cuthbert w St Aidan | E51: DURHAM | F51: DURHAM | G51: =+AJ51 -> 50525.462 | H51: 43997.85 | I51: 73173 | J51: 67689 | K51: 71219 | L51: 100087 | M51: 67686 | N51: 66370 | O51: 27203 | P51: 20122 | Q51: 13213 | R51: 49046 | S51: 17517 | T51: 7614 | U51: =I51+R51*0.1 -> 78077.6 | V51: =L51+0.1*O51 -> 102807.3 | W51: =SUM(U51*'Factors & Percentages'!$E$6+V51*'Factors & Percentages'!$E$7) -> 14633.406 | X51: 0.5 | Y51: =X51*'Factors & Percentages'!$E$10 -> 7080.4846 | Z51: 0.099556971 | AA51: =+'Factors & Percentages'!E$13*Z51 -> 16593.574 | AB51: 55 | AC51: 128 | AD51: 7221 | AE51: =AB51*'Factors & Percentages'!$E$16+AC51*'Factors & Percentages'!$E$17+AD51*'Factors & Percentages'!$E$18 -> 12217.998 | AF51: =W51+Y51+AA51+AE51 -> 50525.462 | AG51: =IF($L51>SUM(I51:K51)/3,$AF51,MIN(AF51,$I51*0.65)) -> 50525.462 | AH51: =IF($AL51>$AF51,$AL51*(1+'Factors & Percentages'!$B$3), IF($AF51>$AG51,$AG51, IF($AF51>$BOJ51,$AF51, $AL51*(1+'Factors & Percentages'!$B$3)))) -> 50525.462 | AI51: =IF(+MIN(AH51,+X51*2*AK$1)-(AL51*(1+'Factors & Percentages'!B$3))>0,0,+MIN(AH51,+X51*2*AK$1)-(AL51*(1+'Factors & Percentages'!B$3))) -> 0 | AJ51: =MIN(AH51-AI51,+X51*2*AK$1) -> 50525.462 | AL51: 34650
A52: 130022 | B52: St. Giles, Durham | C52: Durham: St Giles | D52: Durham St Giles | E52: DURHAM | F52: DURHAM | G52: =+AJ52 -> 33180.42 | H52: 32214 | I52: 89982 | J52: 92238 | K52: 51603 | L52: 20643 | M52: 24875 | N52: 19897 | O52: -9450 | P52: -9643 | Q52: 1618 | R52: 184 | S52: 1000 | T52: 0 | U52: =I52+R52*0.1 -> 90000.4 | V52: =L52+0.1*O52 -> 19698 | W52: =SUM(U52*'Factors & Percentages'!$E$6+V52*'Factors & Percentages'!$E$7) -> 9935.7402 | X52: 0.5 | Y52: =X52*'Factors & Percentages'!$E$10 -> 7080.4846 | Z52: 0.031468014 | AA52: =+'Factors & Percentages'!E$13*Z52 -> 5244.9046 | AB52: 30 | AC52: 45 | AD52: 6594 | AE52: =AB52*'Factors & Percentages'!$E$16+AC52*'Factors & Percentages'!$E$17+AD52*'Factors & Percentages'!$E$18 -> 6619.0289 | AF52: =W52+Y52+AA52+AE52 -> 28880.158 | AG52: =IF($L52>SUM(I52:K52)/3,$AF52,MIN(AF52,$I52*0.65)) -> 28880.158 | AH52: =IF($AL52>$AF52,$AL52*(1+'Factors & Percentages'!$B$3), IF($AF52>$AG52,$AG52, IF($AF52>$BOJ52,$AF52, $AL52*(1+'Factors & Percentages'!$B$3)))) -> 33180.42 | AI52: =IF(+MIN(AH52,+X52*2*AK$1)-(AL52*(1+'Factors & Percentages'!B$3))>0,0,+MIN(AH52,+X52*2*AK$1)-(AL52*(1+'Factors & Percentages'!B$3))) -> 0 | AJ52: =MIN(AH52-AI52,+X52*2*AK$1) -> 33180.42 | AL52: 32214
A53: 130023 | B53: St. Margaret Durham | C53: Durham: St Margaret of Antioch | D53: Durham St Margaret | E53: DURHAM | F53: DURHAM | G53: =+AJ53 -> 50986.021 | H53: 55614.898 | I53: 60124 | J53: 55086 | K53: 55811 | L53: 233594 | M53: 249886 | N53: 253157 | O53: 304253 | P53: 172168 | Q53: 197240 | R53: 14125 | S53: 12630 | T53: 10799 | U53: =I53+R53*0.1 -> 61536.5 | V53: =L53+0.1*O53 -> 264019.3 | W53: =SUM(U53*'Factors & Percentages'!$E$6+V53*'Factors & Percentages'!$E$7) -> 24371.712 | X53: 0.4 | Y53: =X53*'Factors & Percentages'!$E$10 -> 5664.3877 | Z53: 0.093289674 | AA53: =+'Factors & Percentages'!E$13*Z53 -> 15548.977 | AB53: 24 | AC53: 43 | AD53: 4949 | AE53: =AB53*'Factors & Percentages'!$E$16+AC53*'Factors & Percentages'!$E$17+AD53*'Factors & Percentages'!$E$18 -> 5400.9447 | AF53: =W53+Y53+AA53+AE53 -> 50986.021 | AG53: =IF($L53>SUM(I53:K53)/3,$AF53,MIN(AF53,$I53*0.65)) -> 50986.021 | AH53: =IF($AL53>$AF53,$AL53*(1+'Factors & Percentages'!$B$3), IF($AF53>$AG53,$AG53, IF($AF53>$BOJ53,$AF53, $AL53*(1+'Factors & Percentages'!$B$3)))) -> 50986.021 | AI53: =IF(+MIN(AH53,+X53*2*AK$1)-(AL53*(1+'Factors & Percentages'!B$3))>0,0,+MIN(AH53,+X53*2*AK$1)-(AL53*(1+'Factors & Percentages'!B$3))) -> 0 | AJ53: =MIN(AH53-AI53,+X53*2*AK$1) -> 50986.021 | AL53: 39977
A54: 130025 | B54: St. Nicholas Durham | C54: Durham: St Nicholas | D54: Durham St Nicholas | E54: DURHAM | F54: DURHAM | G54: =+AJ54 -> 148785.87 | H54: 138915 | I54: 362781 | J54: 284664 | K54: 362395 | L54: 179360 | M54: 194819 | N54: 151021 | O54: 67210 | P54: 73353 | Q54: 71674 | R54: 11041 | S54: 22329 | T54: 4338 | U54: =I54+R54*0.1 -> 363885.1 | V54: =L54+0.1*O54 -> 186081 | W54: =SUM(U54*'Factors & Percentages'!$E$6+V54*'Factors & Percentages'!$E$7) -> 47639.29 | X54: 2 | Y54: =X54*'Factors & Percentages'!$E$10 -> 28321.939 | Z54: 0.17187742 | AA54: =+'Factors & Percentages'!E$13*Z54 -> 28647.523 | AB54: 296 | AC54: 150 | AD54: 2844 | AE54: =AB54*'Factors & Percentages'!$E$16+AC54*'Factors & Percentages'!$E$17+AD54*'Factors & Percentages'!$E$18 -> 44177.122 | AF54: =W54+Y54+AA54+AE54 -> 148785.87 | AG54: =IF($L54>SUM(I54:K54)/3,$AF54,MIN(AF54,$I54*0.65)) -> 148785.87 | AH54: =IF($AL54>$AF54,$AL54*(1+'Factors & Percentages'!$B$3), IF($AF54>$AG54,$AG54, IF($AF54>$BOJ54,$AF54, $AL54*(1+'Factors & Percentages'!$B$3)))) -> 148785.87 | AI54: =IF(+MIN(AH54,+X54*2*AK$1)-(AL54*(1+'Factors & Percentages'!B$3))>0,0,+MIN(AH54,+X54*2*AK$1)-(AL54*(1+'Factors & Percentages'!B$3))) -> 0 | AJ54: =MIN(AH54-AI54,+X54*2*AK$1) -> 148785.87 | AL54: 90000
A55: 130026 | B55: Saint Oswald, Durham | C55: Durham: St Oswald | D55: Durham St Oswald | E55: DURHAM | F55: DURHAM | G55: =+AJ55 -> 39733.005 | H55: 42000 | I55: 88890 | J55: 82864 | K55: 75564 | L55: 22068 | M55: 1832 | N55: 22437 | O55: 4619 | P55: 9045 | Q55: 9258 | R55: 3556 | S55: 2029 | T55: 2127 | U55: =I55+R55*0.1 -> 89245.6 | V55: =L55+0.1*O55 -> 22529.9 | W55: =SUM(U55*'Factors & Percentages'!$E$6+V55*'Factors & Percentages'!$E$7) -> 10062.685 | X55: 0.25 | Y55: =X55*'Factors & Percentages'!$E$10 -> 3540.2423 | Z55: 0.097423157 | AA55: =+'Factors & Percentages'!E$13*Z55 -> 16237.922 | AB55: 49 | AC55: 53 | AD55: 8954 | AE55: =AB55*'Factors & Percentages'!$E$16+AC55*'Factors & Percentages'!$E$17+AD55*'Factors & Percentages'!$E$18 -> 9892.1557 | AF55: =W55+Y55+AA55+AE55 -> 39733.005 | AG55: =IF($L55>SUM(I55:K55)/3,$AF55,MIN(AF55,$I55*0.65)) -> 39733.005 | AH55: =IF($AL55>$AF55,$AL55*(1+'Factors & Percentages'!$B$3), IF($AF55>$AG55,$AG55, IF($AF55>$BOJ55,$AF55, $AL55*(1+'Factors & Percentages'!$B$3)))) -> 39733.005 | AI55: =IF(+MIN(AH55,+X55*2*AK$1)-(AL55*(1+'Factors & Percentages'!B$3))>0,0,+MIN(AH55,+X55*2*AK$1)-(AL55*(1+'Factors & Percentages'!B$3))) -> 0 | AJ55: =MIN(AH55-AI55,+X55*2*AK$1) -> 39733.005 | AL55: 30000
A56: 130044 | B56: Easington | C56: Easington | D56: Easington | E56: SUNDERLAND | F56: Easington | G56: =+AJ56 -> 24065.206 | H56: 22353.087 | I56: 49256 | J56: 45717 | K56: 51103 | L56: 10526 | M56: 30669 | N56: 22557 | O56: 20558 | P56: 6252 | Q56: 6072 | R56: 145 | S56: 110 | T56: 66 | U56: =I56+R56*0.1 -> 49270.5 | V56: =L56+0.1*O56 -> 12581.8 | W56: =SUM(U56*'Factors & Percentages'!$E$6+V56*'Factors & Percentages'!$E$7) -> 5565.4543 | X56: 0.4 | Y56: =X56*'Factors & Percentages'!$E$10 -> 5664.3877 | Z56: 0.039150895 | AA56: =+'Factors & Percentages'!E$13*Z56 -> 6525.4423 | AB56: 28 | AC56: 64 | AD56: 4219 | AE56: =AB56*'Factors & Percentages'!$E$16+AC56*'Factors & Percentages'!$E$17+AD56*'Factors & Percentages'!$E$18 -> 6309.9216 | AF56: =W56+Y56+AA56+AE56 -> 24065.206 | AG56: =IF($L56>SUM(I56:K56)/3,$AF56,MIN(AF56,$I56*0.65)) -> 24065.206 | AH56: =IF($AL56>$AF56,$AL56*(1+'Factors & Percentages'!$B$3), IF($AF56>$AG56,$AG56, IF($AF56>$BOJ56,$AF56, $AL56*(1+'Factors & Percentages'!$B$3)))) -> 24065.206 | AI56: =IF(+MIN(AH56,+X56*2*AK$1)-(AL56*(1+'Factors & Percentages'!B$3))>0,0,+MIN(AH56,+X56*2*AK$1)-(AL56*(1+'Factors & Percentages'!B$3))) -> 0 | AJ56: =MIN(AH56-AI56,+X56*2*AK$1) -> 24065.206 | AL56: 13000
A57: 130045 | B57: Easington Colliery | C57: Easington Colliery | D57: Easington Colliery | E57: SUNDERLAND | F57: Easington | G57: =+AJ57 -> 14691.986 | H57: 11956.991 | I57: 14934 | J57: 20106 | K57: 13865 | L57: 20328 | M57: 25532 | N57: 38445 | O57: 58024 | P57: 16880 | Q57: 14436 | R57: 0 | S57: 2450 | T57: 0 | U57: =I57+R57*0.1 -> 14934 | V57: =L57+0.1*O57 -> 26130.4 | W57: =SUM(U57*'Factors & Percentages'!$E$6+V57*'Factors & Percentages'!$E$7) -> 3252.6172 | X57: 0.4 | Y57: =X57*'Factors & Percentages'!$E$10 -> 5664.3877 | Z57: 0.018196839 | AA57: =+'Factors & Percentages'!E$13*Z57 -> 3032.9427 | AB57: 12 | AC57: 15 | AD57: 3413 | AE57: =AB57*'Factors & Percentages'!$E$16+AC57*'Factors & Percentages'!$E$17+AD57*'Factors & Percentages'!$E$18 -> 2742.0383 | AF57: =W57+Y57+AA57+AE57 -> 14691.986 | AG57: =IF($L57>SUM(I57:K57)/3,$AF57,MIN(AF57,$I57*0.65)) -> 14691.986 | AH57: =IF($AL57>$AF57,$AL57*(1+'Factors & Percentages'!$B$3), IF($AF57>$AG57,$AG57, IF($AF57>$BOJ57,$AF57, $AL57*(1+'Factors & Percentages'!$B$3)))) -> 14691.986 | AI57: =IF(+MIN(AH57,+X57*2*AK$1)-(AL57*(1+'Factors & Percentages'!B$3))>0,0,+MIN(AH57,+X57*2*AK$1)-(AL57*(1+'Factors & Percentages'!B$3))) -> 0 | AJ57: =MIN(AH57-AI57,+X57*2*AK$1) -> 14691.986 | AL57: 6500
A58: 130106 | B58: St. George, East Boldon | C58: East Boldon | D58: East Boldon - The Boldons | E58: SUNDERLAND | F58: JARROW | G58: =+AJ58 -> 20600 | H58: 21000 | I58: 24588 | J58: 24588 | K58: 41487 | L58: 29935 | M58: 29935 | N58: 38290 | O58: 16301 | P58: 16301 | Q58: 2582 | R58: 459 | S58: 459 | T58: 1630 | U58: =I58+R58*0.1 -> 24633.9 | V58: =L58+0.1*O58 -> 31565.1 | W58: =SUM(U58*'Factors & Percentages'!$E$6+V58*'Factors & Percentages'!$E$7) -> 4555.7991 | X58: 0.33333333 | Y58: =X58*'Factors & Percentages'!$E$10 -> 4720.3231 | Z58: 0.17665972 | AA58: =+'Factors & Percentages'!E$13*Z58 -> 29444.609 | AB58: 26 | AC58: 40 | AD58: 3584 | AE58: =AB58*'Factors & Percentages'!$E$16+AC58*'Factors & Percentages'!$E$17+AD58*'Factors & Percentages'!$E$18 -> 5293.3855 | AF58: =W58+Y58+AA58+AE58 -> 44014.116 | AG58: =IF($L58>SUM(I58:K58)/3,$AF58,MIN(AF58,$I58*0.65)) -> 15982.2 | AH58: =IF($AL58>$AF58,$AL58*(1+'Factors & Percentages'!$B$3), IF($AF58>$AG58,$AG58, IF($AF58>$BOJ58,$AF58, $AL58*(1+'Factors & Percentages'!$B$3)))) -> 15982.2 | AI58: =IF(+MIN(AH58,+X58*2*AK$1)-(AL58*(1+'Factors & Percentages'!B$3))>0,0,+MIN(AH58,+X58*2*AK$1)-(AL58*(1+'Factors & Percentages'!B$3))) -> -4617.8 | AJ58: =MIN(AH58-AI58,+X58*2*AK$1) -> 20600 | AL58: 20000
A59: 130103 | B59: East Rainton | C59: East Rainton | D59: East Rainton | E59: SUNDERLAND | F59: Chester le Street and Houghton | G59: 0 | H59: 3316.95 | I59: 5103 | J59: 5103 | K59: 7723 | L59: 2671 | M59: 2671 | N59: 2674 | O59: 32417 | P59: 32417 | Q59: 34517 | R59: 1254 | S59: 1254 | T59: 1094 | U59: =I59+R59*0.1 -> 5228.4 | V59: =L59+0.1*O59 -> 5912.7 | W59: =SUM(U59*'Factors & Percentages'!$E$6+V59*'Factors & Percentages'!$E$7) -> 911.74032 | X59: 0.25 | Y59: =X59*'Factors & Percentages'!$E$10 -> 3540.2423 | Z59: 0.052909773 | AA59: =+'Factors & Percentages'!E$13*Z59 -> 8818.6915 | AB59: 9 | AC59: 16 | AD59: 1720 | AE59: =AB59*'Factors & Percentages'!$E$16+AC59*'Factors & Percentages'!$E$17+AD59*'Factors & Percentages'!$E$18 -> 1992.3138 | AF59: =W59+Y59+AA59+AE59 -> 15262.988 | AG59: =IF($L59>SUM(I59:K59)/3,$AF59,MIN(AF59,$I59*0.65)) -> 3316.95 | AH59: =IF($AL59>$AF59,$AL59*(1+'Factors & Percentages'!$B$3), IF($AF59>$AG59,$AG59, IF($AF59>$BOJ59,$AF59, $AL59*(1+'Factors & Percentages'!$B$3)))) -> 3316.95 | AI59: =IF(+MIN(AH59,+X59*2*AK$1)-(AL59*(1+'Factors & Percentages'!B$3))>0,0,+MIN(AH59,+X59*2*AK$1)-(AL59*(1+'Factors & Percentages'!B$3))) -> 0 | AJ59: =MIN(AH59-AI59,+X59*2*AK$1) -> 3316.95 | AL59: 1600
A60: 130285 | B60: All Saints, Eastgate | C60: Eastgate | D60: Eastgate | E60: AUCKLAND | F60: Durham Dales | G60: =+AJ60 -> 9555.2313 | H60: 10478 | I60: 5280 | J60: 8413 | K60: 6943 | L60: 13946 | M60: 9177 | N60: 13000 | O60: 16384 | P60: 8708 | Q60: 2144 | R60: 8460 | S60: 8082 | T60: 5727 | U60: =I60+R60*0.1 -> 6126 | V60: =L60+0.1*O60 -> 15584.4 | W60: =SUM(U60*'Factors & Percentages'!$E$6+V60*'Factors & Percentages'!$E$7) -> 1675.6015 | X60: 0.17 | Y60: =X60*'Factors & Percentages'!$E$10 -> 2407.3648 | Z60: 0.039080819 | AA60: =+'Factors & Percentages'!E$13*Z60 -> 6513.7624 | AB60: 14 | AC60: 9 | AD60: 161 | AE60: =AB60*'Factors & Percentages'!$E$16+AC60*'Factors & Percentages'!$E$17+AD60*'Factors & Percentages'!$E$18 -> 2143.5798 | AF60: =W60+Y60+AA60+AE60 -> 12740.308 | AG60: =IF($L60>SUM(I60:K60)/3,$AF60,MIN(AF60,$I60*0.65)) -> 12740.308 | AH60: =IF($AL60>$AF60,$AL60*(1+'Factors & Percentages'!$B$3), IF($AF60>$AG60,$AG60, IF($AF60>$BOJ60,$AF60, $AL60*(1+'Factors & Percentages'!$B$3)))) -> 12740.308 | AI60: =IF(+MIN(AH60,+X60*2*AK$1)-(AL60*(1+'Factors & Percentages'!B$3))>0,0,+MIN(AH60,+X60*2*AK$1)-(AL60*(1+'Factors & Percentages'!B$3))) -> 0 | AJ60: =MIN(AH60-AI60,+X60*2*AK$1)*0.75 -> 9555.2313 | AL60: 2000
A61: 130144 | B61: Ebchester | C61: Ebchester | D61: Ebchester | E61: DURHAM | F61: LANCHESTER | G61: =+AJ61 -> 13846.3 | H61: 14697.8 | I61: 21302 | J61: 22612 | K61: 22932 | L61: 861 | M61: 4068 | N61: 3734 | O61: 93608 | P61: 94864 | Q61: 92840 | R61: 1218 | S61: 2024 | T61: 2907 | U61: =I61+R61*0.1 -> 21423.8 | V61: =L61+0.1*O61 -> 10221.8 | W61: =SUM(U61*'Factors & Percentages'!$E$6+V61*'Factors & Percentages'!$E$7) -> 2753.2927 | X61: 0.33 | Y61: =X61*'Factors & Percentages'!$E$10 -> 4673.1199 | Z61: 0.043744532 | AA61: =+'Factors & Percentages'!E$13*Z61 -> 7291.0827 | AB61: 20 | AC61: 40 | AD61: 1962 | AE61: =AB61*'Factors & Percentages'!$E$16+AC61*'Factors & Percentages'!$E$17+AD61*'Factors & Percentages'!$E$18 -> 4131.0539 | AF61: =W61+Y61+AA61+AE61 -> 18848.549 | AG61: =IF($L61>SUM(I61:K61)/3,$AF61,MIN(AF61,$I61*0.65)) -> 13846.3 | AH61: =IF($AL61>$AF61,$AL61*(1+'Factors & Percentages'!$B$3), IF($AF61>$AG61,$AG61, IF($AF61>$BOJ61,$AF61, $AL61*(1+'Factors & Percentages'!$B$3)))) -> 13846.3 | AI61: =IF(+MIN(AH61,+X61*2*AK$1)-(AL61*(1+'Factors & Percentages'!B$3))>0,0,+MIN(AH61,+X61*2*AK$1)-(AL61*(1+'Factors & Percentages'!B$3))) -> 0 | AJ61: =MIN(AH61-AI61,+X61*2*AK$1) -> 13846.3 | AL61: 9000
A62: 130303 | B62: St. John the Baptist Egglescliffe | C62: Egglescliffe | D62: Egglescliffe | E62: AUCKLAND | F62: STOCKTON | G62: =+AJ62 -> 36637.25 | H62: 43717.05 | I62: 56365 | J62: 67257 | K62: 65234 | L62: 43284 | M62: 20509 | N62: 71942 | O62: 0 | P62: 0 | Q62: 0 | R62: 0 | S62: 0 | T62: 1119 | U62: =I62+R62*0.1 -> 56365 | V62: =L62+0.1*O62 -> 43284 | W62: =SUM(U62*'Factors & Percentages'!$E$6+V62*'Factors & Percentages'!$E$7) -> 8393.7456 | X62: 0.5 | Y62: =X62*'Factors & Percentages'!$E$10 -> 7080.4846 | Z62: 0.13305303 | AA62: =+'Factors & Percentages'!E$13*Z62 -> 22176.502 | AB62: 45 | AC62: 98 | AD62: 7945 | AE62: =AB62*'Factors & Percentages'!$E$16+AC62*'Factors & Percentages'!$E$17+AD62*'Factors & Percentages'!$E$18 -> 10273.833 | AF62: =W62+Y62+AA62+AE62 -> 47924.565 | AG62: =IF($L62>SUM(I62:K62)/3,$AF62,MIN(AF62,$I62*0.65)) -> 36637.25 | AH62: =IF($AL62>$AF62,$AL62*(1+'Factors & Percentages'!$B$3), IF($AF62>$AG62,$AG62, IF($AF62>$BOJ62,$AF62, $AL62*(1+'Factors & Percentages'!$B$3)))) -> 36637.25 | AI62: =IF(+MIN(AH62,+X62*2*AK$1)-(AL62*(1+'Factors & Percentages'!B$3))>0,0,+MIN(AH62,+X62*2*AK$1)-(AL62*(1+'Factors & Percentages'!B$3))) -> 0 | AJ62: =MIN(AH62-AI62,+X62*2*AK$1) -> 36637.25 | AL62: 30000
A63: 130213 | B63: Eggleston | C63: Eggleston | D63: Eggleston | E63: AUCKLAND | F63: Durham Dales | G63: =+AJ63 -> 7082.28 | H63: 7558.2 | I63: 9867 | J63: 11628 | K63: 10578 | L63: 3168 | M63: 5005 | N63: 7826 | O63: 43590 | P63: 44396 | Q63: 45341 | R63: 3287 | S63: 676 | T63: 822 | U63: =I63+R63*0.1 -> 10195.7 | V63: =L63+0.1*O63 -> 7527 | W63: =SUM(U63*'Factors & Percentages'!$E$6+V63*'Factors & Percentages'!$E$7) -> 1497.096 | X63: 0.06 | Y63: =X63*'Factors & Percentages'!$E$10 -> 849.65816 | Z63: 0.053151908 | AA63: =+'Factors & Percentages'!E$13*Z63 -> 8859.0492 | AB63: 12 | AC63: 20 | AD63: 419 | AE63: =AB63*'Factors & Percentages'!$E$16+AC63*'Factors & Percentages'!$E$17+AD63*'Factors & Percentages'!$E$18 -> 2210.5506 | AF63: =W63+Y63+AA63+AE63 -> 13416.354 | AG63: =IF($L63>SUM(I63:K63)/3,$AF63,MIN(AF63,$I63*0.65)) -> 6413.55 | AH63: =IF($AL63>$AF63,$AL63*(1+'Factors & Percentages'!$B$3), IF($AF63>$AG63,$AG63, IF($AF63>$BOJ63,$AF63, $AL63*(1+'Factors & Percentages'!$B$3)))) -> 6413.55 | AI63: =IF(+MIN(AH63,+X63*2*AK$1)-(AL63*(1+'Factors & Percentages'!B$3))>0,0,+MIN(AH63,+X63*2*AK$1)-(AL63*(1+'Factors & Percentages'!B$3))) -> -668.73 | AJ63: =MIN(AH63-AI63,+X63*2*AK$1) -> 7082.28 | AL63: 6876
A64: 130061 | B64: St. Thomas Eighton Banks | C64: Eighton Banks | D64: Eighton Banks | E64: SUNDERLAND | F64: GATESHEAD | G64: =+AJ64 -> 13684.45 | H64: 11550 | I64: 21053 | J64: 20219 | K64: 21177 | L64: 6407 | M64: 7556 | N64: 10930 | O64: 5597 | P64: 5354 | Q64: 5085 | R64: 367 | S64: 360 | T64: 158 | U64: =I64+R64*0.1 -> 21089.7 | V64: =L64+0.1*O64 -> 6966.7 | W64: =SUM(U64*'Factors & Percentages'!$E$6+V64*'Factors & Percentages'!$E$7) -> 2493.1665 | X64: 0.2 | Y64: =X64*'Factors & Percentages'!$E$10 -> 2832.1939 | Z64: 0.022437875 | AA64: =+'Factors & Percentages'!E$13*Z64 -> 3739.8138 | AB64: 20 | AC64: 27 | AD64: 6783 | AE64: =AB64*'Factors & Percentages'!$E$16+AC64*'Factors & Percentages'!$E$17+AD64*'Factors & Percentages'!$E$18 -> 4861.4214 | AF64: =W64+Y64+AA64+AE64 -> 13926.595 | AG64: =IF($L64>SUM(I64:K64)/3,$AF64,MIN(AF64,$I64*0.65)) -> 13684.45 | AH64: =IF($AL64>$AF64,$AL64*(1+'Factors & Percentages'!$B$3), IF($AF64>$AG64,$AG64, IF($AF64>$BOJ64,$AF64, $AL64*(1+'Factors & Percentages'!$B$3)))) -> 13684.45 | AI64: =IF(+MIN(AH64,+X64*2*AK$1)-(AL64*(1+'Factors & Percentages'!B$3))>0,0,+MIN(AH64,+X64*2*AK$1)-(AL64*(1+'Factors & Percentages'!B$3))) -> 0 | AJ64: =MIN(AH64-AI64,+X64*2*AK$1) -> 13684.45 | AL64: 11000
A65: 130191 | B65: Eldon | C65: Eldon | D65: Eldon | E65: AUCKLAND | F65: AUCKLAND | G65: =+AJ65 -> 11702.358 | H65: 7578.35 | I65: 17782 | J65: 11659 | K65: 12922 | L65: 15462 | M65: 12789 | N65: 12645 | O65: 0 | P65: 0 | Q65: 173 | R65: 0 | S65: 0 | T65: 2155 | U65: =I65+R65*0.1 -> 17782 | V65: =L65+0.1*O65 -> 15462 | W65: =SUM(U65*'Factors & Percentages'!$E$6+V65*'Factors & Percentages'!$E$7) -> 2774.8158 | X65: 0.25 | Y65: =X65*'Factors & Percentages'!$E$10 -> 3540.2423 | Z65: 0.019129713 | AA65: =+'Factors & Percentages'!E$13*Z65 -> 3188.4287 | AB65: 11 | AC65: 19 | AD65: 1092 | AE65: =AB65*'Factors & Percentages'!$E$16+AC65*'Factors & Percentages'!$E$17+AD65*'Factors & Percentages'!$E$18 -> 2198.8716 | AF65: =W65+Y65+AA65+AE65 -> 11702.358 | AG65: =IF($L65>SUM(I65:K65)/3,$AF65,MIN(AF65,$I65*0.65)) -> 11702.358 | AH65: =IF($AL65>$AF65,$AL65*(1+'Factors & Percentages'!$B$3), IF($AF65>$AG65,$AG65, IF($AF65>$BOJ65,$AF65, $AL65*(1+'Factors & Percentages'!$B$3)))) -> 11702.358 | AI65: =IF(+MIN(AH65,+X65*2*AK$1)-(AL65*(1+'Factors & Percentages'!B$3))>0,0,+MIN(AH65,+X65*2*AK$1)-(AL65*(1+'Factors & Percentages'!B$3))) -> 0 | AJ65: =MIN(AH65-AI65,+X65*2*AK$1) -> 11702.358 | AL65: 5500
A66: 130304 | B66: Elton | C66: Elton | D66: Elton | E66: AUCKLAND | F66: STOCKTON | G66: =+AJ66 -> 21544.186 | H66: 21544.186 | I66: 24842 | J66: 23367 | K66: 24704 | L66: 49862 | M66: 50495 | N66: 59604 | O66: 0 | P66: 0 | Q66: 0 | R66: 0 | S66: 0 | T66: 0 | U66: =I66+R66*0.1 -> 24842 | V66: =L66+0.1*O66 -> 49862 | W66: =SUM(U66*'Factors & Percentages'!$E$6+V66*'Factors & Percentages'!$E$7) -> 5859.2604 | X66: 0.1 | Y66: =X66*'Factors & Percentages'!$E$10 -> 1416.0969 | Z66: 0.078719703 | AA66: =+'Factors & Percentages'!E$13*Z66 -> 13120.54 | AB66: 24 | AC66: 42 | AD66: 282 | AE66: =AB66*'Factors & Percentages'!$E$16+AC66*'Factors & Percentages'!$E$17+AD66*'Factors & Percentages'!$E$18 -> 4349.5613 | AF66: =W66+Y66+AA66+AE66 -> 24745.458 | AG66: =IF($L66>SUM(I66:K66)/3,$AF66,MIN(AF66,$I66*0.65)) -> 24745.458 | AH66: =IF($AL66>$AF66,$AL66*(1+'Factors & Percentages'!$B$3), IF($AF66>$AG66,$AG66, IF($AF66>$BOJ66,$AF66, $AL66*(1+'Factors & Percentages'!$B$3)))) -> 24745.458 | AI66: =IF(+MIN(AH66,+X66*2*AK$1)-(AL66*(1+'Factors & Percentages'!B$3))>0,0,+MIN(AH66,+X66*2*AK$1)-(AL66*(1+'Factors & Percentages'!B$3))) -> 0 | AJ66: =MIN(AH66-AI66,+X66*2*AK$1) -> 21544.186 | AL66: 15000
A67: 130250 | B67: Elwick Hall | C67: Elwick Hall | D67: Elwick Hall | E67: AUCKLAND | F67: Hartlepool | G67: =+AJ67 -> 26502.93 | H67: 25730.556 | I67: 24004 | J67: 19648 | K67: 24114 | L67: 17511 | M67: 23201 | N67: 15667 | O67: =82873-17511 -> 65362 | P67: 73006 | Q67: 96181 | R67: =9053+880+200+45780-36000-200 -> 19713 | S67: 16680 | T67: 13242 | U67: =I67+R67*0.1 -> 25975.3 | V67: =L67+0.1*O67 -> 24047.2 | W67: =SUM(U67*'Factors & Percentages'!$E$6+V67*'Factors & Percentages'!$E$7) -> 4155.8428 | X67: 0.5 | Y67: =X67*'Factors & Percentages'!$E$10 -> 7080.4846 | Z67: 0.10187449 | AA67: =+'Factors & Percentages'!E$13*Z67 -> 16979.844 | AB67: 15 | AC67: 33 | AD67: 654 | AE67: =AB67*'Factors & Percentages'!$E$16+AC67*'Factors & Percentages'!$E$17+AD67*'Factors & Percentages'!$E$18 -> 2994.608 | AF67: =W67+Y67+AA67+AE67 -> 31210.78 | AG67: =IF($L67>SUM(I67:K67)/3,$AF67,MIN(AF67,$I67*0.65)) -> 15602.6 | AH67: =IF($AL67>$AF67,$AL67*(1+'Factors & Percentages'!$B$3), IF($AF67>$AG67,$AG67, IF($AF67>$BOJ67,$AF67, $AL67*(1+'Factors & Percentages'!$B$3)))) -> 15602.6 | AI67: =IF(+MIN(AH67,+X67*2*AK$1)-(AL67*(1+'Factors & Percentages'!B$3))>0,0,+MIN(AH67,+X67*2*AK$1)-(AL67*(1+'Factors & Percentages'!B$3))) -> -10900.33 | AJ67: =MIN(AH67-AI67,+X67*2*AK$1) -> 26502.93 | AL67: 25731
A68: 130353 | B68: Escomb and Witton Park | C68: Escomb and Witton Park | D68: Escomb & Witton Park | E68: AUCKLAND | F68: AUCKLAND | G68: =+AJ68 -> 17511.711 | H68: 23599.623 | I68: 19671 | J68: 20967 | K68: 14743 | L68: 25426 | M68: 36820 | N68: 36698 | O68: 8396 | P68: 8091 | Q68: 9127 | R68: 0 | S68: 0 | T68: 0 | U68: =I68+R68*0.1 -> 19671 | V68: =L68+0.1*O68 -> 26265.6 | W68: =SUM(U68*'Factors & Percentages'!$E$6+V68*'Factors & Percentages'!$E$7) -> 3712.3134 | X68: 0.165 | Y68: =X68*'Factors & Percentages'!$E$10 -> 2336.5599 | Z68: 0.054075977 | AA68: =+'Factors & Percentages'!E$13*Z68 -> 9013.0675 | AB68: 12 | AC68: 17 | AD68: 1853 | AE68: =AB68*'Factors & Percentages'!$E$16+AC68*'Factors & Percentages'!$E$17+AD68*'Factors & Percentages'!$E$18 -> 2449.77 | AF68: =W68+Y68+AA68+AE68 -> 17511.711 | AG68: =IF($L68>SUM(I68:K68)/3,$AF68,MIN(AF68,$I68*0.65)) -> 17511.711 | AH68: =IF($AL68>$AF68,$AL68*(1+'Factors & Percentages'!$B$3), IF($AF68>$AG68,$AG68, IF($AF68>$BOJ68,$AF68, $AL68*(1+'Factors & Percentages'!$B$3)))) -> 17511.711 | AI68: =IF(+MIN(AH68,+X68*2*AK$1)-(AL68*(1+'Factors & Percentages'!B$3))>0,0,+MIN(AH68,+X68*2*AK$1)-(AL68*(1+'Factors & Percentages'!B$3))) -> 0 | AJ68: =MIN(AH68-AI68,+X68*2*AK$1) -> 17511.711 | AL68: 12000
A69: 130146 | B69: Esh and Hamsteels | C69: Esh and Hamsteels | D69: Esh & Hamsteels | E69: DURHAM | F69: DURHAM | G69: =+AJ69 -> 11914.912 | H69: 11914.729 | I69: 6435 | J69: 6488 | K69: 6591 | L69: 9030 | M69: 9509 | N69: 26779 | O69: 31132 | P69: 34024 | Q69: 18105 | R69: 281 | S69: 234 | T69: 301 | U69: =I69+R69*0.1 -> 6463.1 | V69: =L69+0.1*O69 -> 12143.2 | W69: =SUM(U69*'Factors & Percentages'!$E$6+V69*'Factors & Percentages'!$E$7) -> 1466.2105 | X69: 0.165 | Y69: =X69*'Factors & Percentages'!$E$10 -> 2336.5599 | Z69: 0.040503868 | AA69: =+'Factors & Percentages'!E$13*Z69 -> 6750.9478 | AB69: 7 | AC69: 10 | AD69: 881 | AE69: =AB69*'Factors & Percentages'!$E$16+AC69*'Factors & Percentages'!$E$17+AD69*'Factors & Percentages'!$E$18 -> 1387.1933 | AF69: =W69+Y69+AA69+AE69 -> 11940.912 | AG69: =IF($L69>SUM(I69:K69)/3,$AF69,MIN(AF69,$I69*0.65)) -> 11940.912 | AH69: =IF($AL69>$AF69,$AL69*(1+'Factors & Percentages'!$B$3), IF($AF69>$AG69,$AG69, IF($AF69>$BOJ69,$AF69, $AL69*(1+'Factors & Percentages'!$B$3))))-26 -> 11914.912 | AI69: =IF(+MIN(AH69,+X69*2*AK$1)-(AL69*(1+'Factors & Percentages'!B$3))>0,0,+MIN(AH69,+X69*2*AK$1)-(AL69*(1+'Factors & Percentages'!B$3))) -> 0 | AJ69: =MIN(AH69-AI69,+X69*2*AK$1) -> 11914.912 | AL69: 2500
A70: 130193 | B70: Etherley | C70: Etherley | D70: Etherley | E70: AUCKLAND | F70: AUCKLAND | G70: =+AJ70 -> 20765.001 | H70: 24581.199 | I70: 32258 | J70: 27794 | K70: 18286 | L70: 40130 | M70: 35941 | N70: 32748 | O70: 60000 | P70: 60000 | Q70: 60000 | R70: 0 | S70: 602 | T70: 3394 | U70: =I70+R70*0.1 -> 32258 | V70: =L70+0.1*O70 -> 46130 | W70: =SUM(U70*'Factors & Percentages'!$E$6+V70*'Factors & Percentages'!$E$7) -> 6302.2554 | X70: 0.165 | Y70: =X70*'Factors & Percentages'!$E$10 -> 2336.5599 | Z70: 0.04850178 | AA70: =+'Factors & Percentages'!E$13*Z70 -> 8083.993 | AB70: 20 | AC70: 36 | AD70: 2019 | AE70: =AB70*'Factors & Percentages'!$E$16+AC70*'Factors & Percentages'!$E$17+AD70*'Factors & Percentages'!$E$18 -> 4042.1931 | AF70: =W70+Y70+AA70+AE70 -> 20765.001 | AG70: =IF($L70>SUM(I70:K70)/3,$AF70,MIN(AF70,$I70*0.65)) -> 20765.001 | AH70: =IF($AL70>$AF70,$AL70*(1+'Factors & Percentages'!$B$3), IF($AF70>$AG70,$AG70, IF($AF70>$BOJ70,$AF70, $AL70*(1+'Factors & Percentages'!$B$3)))) -> 20765.001 | AI70: =IF(+MIN(AH70,+X70*2*AK$1)-(AL70*(1+'Factors & Percentages'!B$3))>0,0,+MIN(AH70,+X70*2*AK$1)-(AL70*(1+'Factors & Percentages'!B$3))) -> 0 | AJ70: =MIN(AH70-AI70,+X70*2*AK$1) -> 20765.001 | AL70: 8000
A71: 130214 | B71: Evenwood | C71: Evenwood | D71: Evenwood | E71: AUCKLAND | F71: Durham Dales | G71: =+AJ71 -> 11930.1 | H71: 11039.017 | I71: 18354 | J71: 19010 | K71: 19672 | L71: 14874 | M71: 11247 | N71: 18131 | O71: 450 | P71: 5450 | Q71: 0 | R71: 1931 | S71: 0 | T71: 482 | U71: =I71+R71*0.1 -> 18547.1 | V71: =L71+0.1*O71 -> 14919 | W71: =SUM(U71*'Factors & Percentages'!$E$6+V71*'Factors & Percentages'!$E$7) -> 2809.4359 | X71: 0.33 | Y71: =X71*'Factors & Percentages'!$E$10 -> 4673.1199 | Z71: 0.022189037 | AA71: =+'Factors & Percentages'!E$13*Z71 -> 3698.339 | AB71: 17 | AC71: 0 | AD71: 2084 | AE71: =AB71*'Factors & Percentages'!$E$16+AC71*'Factors & Percentages'!$E$17+AD71*'Factors & Percentages'!$E$18 -> 2741.0853 | AF71: =W71+Y71+AA71+AE71 -> 13921.98 | AG71: =IF($L71>SUM(I71:K71)/3,$AF71,MIN(AF71,$I71*0.65)) -> 11930.1 | AH71: =IF($AL71>$AF71,$AL71*(1+'Factors & Percentages'!$B$3), IF($AF71>$AG71,$AG71, IF($AF71>$BOJ71,$AF71, $AL71*(1+'Factors & Percentages'!$B$3)))) -> 11930.1 | AI71: =IF(+MIN(AH71,+X71*2*AK$1)-(AL71*(1+'Factors & Percentages'!B$3))>0,0,+MIN(AH71,+X71*2*AK$1)-(AL71*(1+'Factors & Percentages'!B$3))) -> 0 | AJ71: =MIN(AH71-AI71,+X71*2*AK$1) -> 11930.1 | AL71: 2500
A72: 130005 | B72: Fatfield | C72: Fatfield | D72: Fatfield St George | E72: SUNDERLAND | F72: Chester le Street and Houghton | G72: =+AJ72 -> 54114.177 | H72: 52087.748 | I72: 107859 | J72: 87344 | K72: 79862 | L72: 69281 | M72: 41485 | N72: 33137 | O72: 0 | P72: 5832 | Q72: 438771 | R72: =+S72 -> 42520 | S72: 42520 | T72: 33798 | U72: =I72+R72*0.1 -> 112111 | V72: =L72+0.1*O72 -> 69281 | W72: =SUM(U72*'Factors & Percentages'!$E$6+V72*'Factors & Percentages'!$E$7) -> 15515.83 | X72: 1 | Y72: =X72*'Factors & Percentages'!$E$10 -> 14160.969 | Z72: 0.058297141 | AA72: =+'Factors & Percentages'!E$13*Z72 -> 9716.6264 | AB72: 75 | AC72: 106 | AD72: 8925 | AE72: =AB72*'Factors & Percentages'!$E$16+AC72*'Factors & Percentages'!$E$17+AD72*'Factors & Percentages'!$E$18 -> 14720.751 | AF72: =W72+Y72+AA72+AE72 -> 54114.177 | AG72: =IF($L72>SUM(I72:K72)/3,$AF72,MIN(AF72,$I72*0.65)) -> 54114.177 | AH72: =IF($AL72>$AF72,$AL72*(1+'Factors & Percentages'!$B$3), IF($AF72>$AG72,$AG72, IF($AF72>$BOJ72,$AF72, $AL72*(1+'Factors & Percentages'!$B$3)))) -> 54114.177 | AI72: =IF(+MIN(AH72,+X72*2*AK$1)-(AL72*(1+'Factors & Percentages'!B$3))>0,0,+MIN(AH72,+X72*2*AK$1)-(AL72*(1+'Factors & Percentages'!B$3))) -> 0 | AJ72: =MIN(AH72-AI72,+X72*2*AK$1) -> 54114.177 | AL72: 45000
A73: 130062 | B73: Christ Church Felling | C73: Felling | D73: Felling | E73: SUNDERLAND | F73: GATESHEAD | G73: =+AJ73 -> 9590.307 | H73: 6176.9713 | I73: 15867 | J73: 15897 | K73: 12494 | L73: 4226 | M73: 2876 | N73: 1769 | O73: 0 | P73: 0 | Q73: 2000 | R73: 0 | S73: 0 | T73: 5500 | U73: =I73+R73*0.1 -> 15867 | V73: =L73+0.1*O73 -> 4226 | W73: =SUM(U73*'Factors & Percentages'!$E$6+V73*'Factors & Percentages'!$E$7) -> 1804.5107 | X73: 0.1 | Y73: =X73*'Factors & Percentages'!$E$10 -> 1416.0969 | Z73: 0.017533247 | AA73: =+'Factors & Percentages'!E$13*Z73 -> 2922.3391 | AB73: 17 | AC73: 22 | AD73: 2760 | AE73: =AB73*'Factors & Percentages'!$E$16+AC73*'Factors & Percentages'!$E$17+AD73*'Factors & Percentages'!$E$18 -> 3447.3603 | AF73: =W73+Y73+AA73+AE73 -> 9590.307 | AG73: =IF($L73>SUM(I73:K73)/3,$AF73,MIN(AF73,$I73*0.65)) -> 9590.307 | AH73: =IF($AL73>$AF73,$AL73*(1+'Factors & Percentages'!$B$3), IF($AF73>$AG73,$AG73, IF($AF73>$BOJ73,$AF73, $AL73*(1+'Factors & Percentages'!$B$3)))) -> 9590.307 | AI73: =IF(+MIN(AH73,+X73*2*AK$1)-(AL73*(1+'Factors & Percentages'!B$3))>0,0,+MIN(AH73,+X73*2*AK$1)-(AL73*(1+'Factors & Percentages'!B$3))) -> 0 | AJ73: =MIN(AH73-AI73,+X73*2*AK$1) -> 9590.307 | AL73: 4800
A74: 130215 | B74: Forest And Frith | C74: Forest & Frith | D74: Forest & Frith | E74: AUCKLAND | F74: Durham Dales | G74: =+AJ74 -> 10697.729 | H74: 10374.981 | I74: 5107 | J74: 4158 | K74: 5963 | L74: 14836 | M74: 14085 | N74: 15011 | O74: 26085 | P74: 25033 | Q74: 23761 | R74: 987 | S74: 1272 | T74: 661 | U74: =I74+R74*0.1 -> 5205.7 | V74: =L74+0.1*O74 -> 17444.5 | W74: =SUM(U74*'Factors & Percentages'!$E$6+V74*'Factors & Percentages'!$E$7) -> 1718.6368 | X74: 0.06 | Y74: =X74*'Factors & Percentages'!$E$10 -> 849.65816 | Z74: 0.039813672 | AA74: =+'Factors & Percentages'!E$13*Z74 -> 6635.91 | AB74: 9 | AC74: 10 | AD74: 143 | AE74: =AB74*'Factors & Percentages'!$E$16+AC74*'Factors & Percentages'!$E$17+AD74*'Factors & Percentages'!$E$18 -> 1493.5236 | AF74: =W74+Y74+AA74+AE74 -> 10697.729 | AG74: =IF($L74>SUM(I74:K74)/3,$AF74,MIN(AF74,$I74*0.65)) -> 10697.729 | AH74: =IF($AL74>$AF74,$AL74*(1+'Factors & Percentages'!$B$3), IF($AF74>$AG74,$AG74, IF($AF74>$BOJ74,$AF74, $AL74*(1+'Factors & Percentages'!$B$3)))) -> 10697.729 | AI74: =IF(+MIN(AH74,+X74*2*AK$1)-(AL74*(1+'Factors & Percentages'!B$3))>0,0,+MIN(AH74,+X74*2*AK$1)-(AL74*(1+'Factors & Percentages'!B$3))) -> 0 | AJ74: =MIN(AH74-AI74,+X74*2*AK$1) -> 10697.729 | AL74: 1770
A75: 130216 | B75: Gainford | C75: Gainford | D75: Gainford | E75: AUCKLAND | F75: Durham Dales | G75: =+AJ75 -> 24519.365 | H75: 32413.093 | I75: 51999 | J75: 53550 | K75: 54635 | L75: 5478 | M75: 6742 | N75: 14286 | O75: 43555 | P75: 43994 | Q75: 60252 | R75: 1881 | S75: 314 | T75: 3807 | U75: =I75+R75*0.1 -> 52187.1 | V75: =L75+0.1*O75 -> 9833.5 | W75: =SUM(U75*'Factors & Percentages'!$E$6+V75*'Factors & Percentages'!$E$7) -> 5649.8352 | X75: 0.25 | Y75: =X75*'Factors & Percentages'!$E$10 -> 3540.2423 | Z75: 0.059733231 | AA75: =+'Factors & Percentages'!E$13*Z75 -> 9955.9856 | AB75: 25 | AC75: 68 | AD75: 1330 | AE75: =AB75*'Factors & Percentages'!$E$16+AC75*'Factors & Percentages'!$E$17+AD75*'Factors & Percentages'!$E$18 -> 5373.3018 | AF75: =W75+Y75+AA75+AE75 -> 24519.365 | AG75: =IF($L75>SUM(I75:K75)/3,$AF75,MIN(AF75,$I75*0.65)) -> 24519.365 | AH75: =IF($AL75>$AF75,$AL75*(1+'Factors & Percentages'!$B$3), IF($AF75>$AG75,$AG75, IF($AF75>$BOJ75,$AF75, $AL75*(1+'Factors & Percentages'!$B$3)))) -> 24519.365 | AI75: =IF(+MIN(AH75,+X75*2*AK$1)-(AL75*(1+'Factors & Percentages'!B$3))>0,0,+MIN(AH75,+X75*2*AK$1)-(AL75*(1+'Factors & Percentages'!B$3))) -> 0 | AJ75: =MIN(AH75-AI75,+X75*2*AK$1) -> 24519.365 | AL75: 16500
A76: 130071 | B76: Gateshead | C76: Gateshead Team Ministry | D76: Gateshead | E76: SUNDERLAND | F76: GATESHEAD | G76: =+AJ76 -> 27892.15 | H76: 24406.431 | I76: 42911 | J76: 40144 | K76: 35121 | L76: 12404 | M76: 13477 | N76: 7767 | O76: 40277 | P76: 37477 | Q76: 9157 | R76: 2837 | S76: 6087 | T76: 19617 | U76: =I76+R76*0.1 -> 43194.7 | V76: =L76+0.1*O76 -> 16431.7 | W76: =SUM(U76*'Factors & Percentages'!$E$6+V76*'Factors & Percentages'!$E$7) -> 5258.1054 | X76: 1 | Y76: =X76*'Factors & Percentages'!$E$10 -> 14160.969 | Z76: 0.025773594 | AA76: =+'Factors & Percentages'!E$13*Z76 -> 4295.792 | AB76: 18 | AC76: 26 | AD76: 10364 | AE76: =AB76*'Factors & Percentages'!$E$16+AC76*'Factors & Percentages'!$E$17+AD76*'Factors & Percentages'!$E$18 -> 5354.7739 | AF76: =W76+Y76+AA76+AE76 -> 29069.641 | AG76: =IF($L76>SUM(I76:K76)/3,$AF76,MIN(AF76,$I76*0.65)) -> 27892.15 | AH76: =IF($AL76>$AF76,$AL76*(1+'Factors & Percentages'!$B$3), IF($AF76>$AG76,$AG76, IF($AF76>$BOJ76,$AF76, $AL76*(1+'Factors & Percentages'!$B$3)))) -> 27892.15 | AI76: =IF(+MIN(AH76,+X76*2*AK$1)-(AL76*(1+'Factors & Percentages'!B$3))>0,0,+MIN(AH76,+X76*2*AK$1)-(AL76*(1+'Factors & Percentages'!B$3))) -> 0 | AJ76: =MIN(AH76-AI76,+X76*2*AK$1) -> 27892.15 | AL76: 17000
A77: 130067 | B77: Gateshead Fell | C77: Gateshead Fell | D77: Gateshead Fell | E77: SUNDERLAND | F77: GATESHEAD | G77: =+AJ77 -> 18969.6 | H77: 19224.282 | I77: 29184 | J77: 35657 | K77: 34491 | L77: 27314 | M77: 13692 | N77: 10964 | O77: 10423 | P77: 96 | Q77: 0 | R77: 26193 | S77: 0 | T77: 0 | U77: =I77+R77*0.1 -> 31803.3 | V77: =L77+0.1*O77 -> 28356.3 | W77: =SUM(U77*'Factors & Percentages'!$E$6+V77*'Factors & Percentages'!$E$7) -> 5012.0638 | X77: 0.5 | Y77: =X77*'Factors & Percentages'!$E$10 -> 7080.4846 | Z77: 0.034021822 | AA77: =+'Factors & Percentages'!E$13*Z77 -> 5670.5582 | AB77: 23 | AC77: 32 | AD77: 9409 | AE77: =AB77*'Factors & Percentages'!$E$16+AC77*'Factors & Percentages'!$E$17+AD77*'Factors & Percentages'!$E$18 -> 5968.3534 | AF77: =W77+Y77+AA77+AE77 -> 23731.46 | AG77: =IF($L77>SUM(I77:K77)/3,$AF77,MIN(AF77,$I77*0.65)) -> 18969.6 | AH77: =IF($AL77>$AF77,$AL77*(1+'Factors & Percentages'!$B$3), IF($AF77>$AG77,$AG77, IF($AF77>$BOJ77,$AF77, $AL77*(1+'Factors & Percentages'!$B$3)))) -> 18969.6 | AI77: =IF(+MIN(AH77,+X77*2*AK$1)-(AL77*(1+'Factors & Percentages'!B$3))>0,0,+MIN(AH77,+X77*2*AK$1)-(AL77*(1+'Factors & Percentages'!B$3))) -> 0 | AJ77: =MIN(AH77-AI77,+X77*2*AK$1) -> 18969.6 | AL77: 15000
A78: 130069 | B78: St. George Gateshead | C78: Gateshead: St George | D78: Gateshead St George (Alive Chuch) | E78: SUNDERLAND | F78: GATESHEAD | G78: =+AJ78 -> 98922.749 | H78: 74864.381 | I78: 311098 | J78: 350557 | K78: 306037 | L78: 50724 | M78: -1680 | N78: 25152 | O78: 39393 | P78: 110008 | Q78: 97337 | R78: 660 | S78: 78088 | T78: 4132 | U78: =I78+R78*0.1 -> 311164 | V78: =L78+0.1*O78 -> 54663.3 | W78: =SUM(U78*'Factors & Percentages'!$E$6+V78*'Factors & Percentages'!$E$7) -> 33408.537 | X78: 2 | Y78: =X78*'Factors & Percentages'!$E$10 -> 28321.939 | Z78: 0.02528151 | AA78: =+'Factors & Percentages'!E$13*Z78 -> 4213.7742 | AB78: 220 | AC78: 86 | AD78: 5708 | AE78: =AB78*'Factors & Percentages'!$E$16+AC78*'Factors & Percentages'!$E$17+AD78*'Factors & Percentages'!$E$18 -> 32978.5 | AF78: =W78+Y78+AA78+AE78 -> 98922.749 | AG78: =IF($L78>SUM(I78:K78)/3,$AF78,MIN(AF78,$I78*0.65)) -> 98922.749 | AH78: =IF($AL78>$AF78,$AL78*(1+'Factors & Percentages'!$B$3), IF($AF78>$AG78,$AG78, IF($AF78>$BOJ78,$AF78, $AL78*(1+'Factors & Percentages'!$B$3)))) -> 98922.749 | AI78: =IF(+MIN(AH78,+X78*2*AK$1)-(AL78*(1+'Factors & Percentages'!B$3))>0,0,+MIN(AH78,+X78*2*AK$1)-(AL78*(1+'Factors & Percentages'!B$3))) -> 0 | AJ78: =MIN(AH78-AI78,+X78*2*AK$1) -> 98922.749 | AL78: 50000
A79: 130068 | B79: St. Helen Gateshead | C79: Gateshead: St Helen | D79: Gateshead St Helen | E79: SUNDERLAND | F79: GATESHEAD | G79: =+AJ79 -> 27834.3 | H79: 32672.25 | I79: 42822 | J79: 50265 | K79: 45400 | L79: 13457 | M79: 12408 | N79: 12194 | O79: 47154 | P79: 21971 | Q79: 12103 | R79: 2685 | S79: 8274 | T79: 9527 | U79: =I79+R79*0.1 -> 43090.5 | V79: =L79+0.1*O79 -> 18172.4 | W79: =SUM(U79*'Factors & Percentages'!$E$6+V79*'Factors & Percentages'!$E$7) -> 5370.327 | X79: 1 | Y79: =X79*'Factors & Percentages'!$E$10 -> 14160.969 | Z79: 0.10496924 | AA79: =+'Factors & Percentages'!E$13*Z79 -> 17495.66 | AB79: 26 | AC79: 46 | AD79: 5260 | AE79: =AB79*'Factors & Percentages'!$E$16+AC79*'Factors & Percentages'!$E$17+AD79*'Factors & Percentages'!$E$18 -> 5813.9407 | AF79: =W79+Y79+AA79+AE79 -> 42840.897 | AG79: =IF($L79>SUM(I79:K79)/3,$AF79,MIN(AF79,$I79*0.65)) -> 27834.3 | AH79: =IF($AL79>$AF79,$AL79*(1+'Factors & Percentages'!$B$3), IF($AF79>$AG79,$AG79, IF($AF79>$BOJ79,$AF79, $AL79*(1+'Factors & Percentages'!$B$3)))) -> 27834.3 | AI79: =IF(+MIN(AH79,+X79*2*AK$1)-(AL79*(1+'Factors & Percentages'!B$3))>0,0,+MIN(AH79,+X79*2*AK$1)-(AL79*(1+'Factors & Percentages'!B$3))) -> 0 | AJ79: =MIN(AH79-AI79,+X79*2*AK$1) -> 27834.3 | AL79: 17000
A80: 130166 | B80: St. Aidan, Grangetown | C80: Grangetown | D80: Grangetown St Aidan | E80: SUNDERLAND | F80: WEARMOUTH | G80: =+AJ80 -> 38737.968 | H80: 28332.15 | I80: 41655 | J80: 37244 | K80: 34416 | L80: 67651 | M80: 30388 | N80: 35757 | O80: 65752 | P80: 74895 | Q80: 74895 | R80: 2274 | S80: 0 | T80: 1880 | U80: =I80+R80*0.1 -> 41882.4 | V80: =L80+0.1*O80 -> 74226.2 | W80: =SUM(U80*'Factors & Percentages'!$E$6+V80*'Factors & Percentages'!$E$7) -> 9188.1587 | X80: 1 | Y80: =X80*'Factors & Percentages'!$E$10 -> 14160.969 | Z80: 0.032792906 | AA80: =+'Factors & Percentages'!E$13*Z80 -> 5465.7298 | AB80: 50 | AC80: 63 | AD80: 7331 | AE80: =AB80*'Factors & Percentages'!$E$16+AC80*'Factors & Percentages'!$E$17+AD80*'Factors & Percentages'!$E$18 -> 9923.1106 | AF80: =W80+Y80+AA80+AE80 -> 38737.968 | AG80: =IF($L80>SUM(I80:K80)/3,$AF80,MIN(AF80,$I80*0.65)) -> 38737.968 | AH80: =IF($AL80>$AF80,$AL80*(1+'Factors & Percentages'!$B$3), IF($AF80>$AG80,$AG80, IF($AF80>$BOJ80,$AF80, $AL80*(1+'Factors & Percentages'!$B$3)))) -> 38737.968 | AI80: =IF(+MIN(AH80,+X80*2*AK$1)-(AL80*(1+'Factors & Percentages'!B$3))>0,0,+MIN(AH80,+X80*2*AK$1)-(AL80*(1+'Factors & Percentages'!B$3))) -> 0 | AJ80: =MIN(AH80-AI80,+X80*2*AK$1) -> 38737.968 | AL80: 28332
A81: 130276 | B81: Great Aycliffe | C81: Great Aycliffe | D81: Great Aycliffe | E81: AUCKLAND | F81: AUCKLAND | G81: =+AJ81 -> 59648.779 | H81: 59430 | I81: 102712 | J81: 103918 | K81: 117304 | L81: 69318 | M81: 9686 | N81: 38340 | O81: 102529 | P81: 73649 | Q81: 73942 | R81: 15685 | S81: 33147 | T81: 18871 | U81: =I81+R81*0.1 -> 104280.5 | V81: =L81+0.1*O81 -> 79570.9 | W81: =SUM(U81*'Factors & Percentages'!$E$6+V81*'Factors & Percentages'!$E$7) -> 15493.533 | X81: 2 | Y81: =X81*'Factors & Percentages'!$E$10 -> 28321.939 | Z81: 0.031221998 | AA81: =+'Factors & Percentages'!E$13*Z81 -> 5203.9 | AB81: 14 | AC81: 118 | AD81: 26192 | AE81: =AB81*'Factors & Percentages'!$E$16+AC81*'Factors & Percentages'!$E$17+AD81*'Factors & Percentages'!$E$18 -> 10629.407 | AF81: =W81+Y81+AA81+AE81 -> 59648.779 | AG81: =IF($L81>SUM(I81:K81)/3,$AF81,MIN(AF81,$I81*0.65)) -> 59648.779 | AH81: =IF($AL81>$AF81,$AL81*(1+'Factors & Percentages'!$B$3), IF($AF81>$AG81,$AG81, IF($AF81>$BOJ81,$AF81, $AL81*(1+'Factors & Percentages'!$B$3)))) -> 59648.779 | AI81: =IF(+MIN(AH81,+X81*2*AK$1)-(AL81*(1+'Factors & Percentages'!B$3))>0,0,+MIN(AH81,+X81*2*AK$1)-(AL81*(1+'Factors & Percentages'!B$3))) -> 0 | AJ81: =MIN(AH81-AI81,+X81*2*AK$1) -> 59648.779 | AL81: 46600
A82: 130251 | B82: Greatham | C82: Greatham | D82: Greatham | E82: AUCKLAND | F82: Hartlepool | G82: =+AJ82 -> 17360.85 | H82: 16584.75 | I82: 26709 | J82: 25515 | K82: 24967 | L82: 13280 | M82: 14130 | N82: 36985 | O82: 36889 | P82: 45892 | Q82: 91876 | R82: 1182 | S82: 824 | T82: 2147 | U82: =I82+R82*0.1 -> 26827.2 | V82: =L82+0.1*O82 -> 16968.9 | W82: =SUM(U82*'Factors & Percentages'!$E$6+V82*'Factors & Percentages'!$E$7) -> 3740.2056 | X82: 0.5 | Y82: =X82*'Factors & Percentages'!$E$10 -> 7080.4846 | Z82: 0.048866063 | AA82: =+'Factors & Percentages'!E$13*Z82 -> 8144.7096 | AB82: 32 | AC82: 0 | AD82: 926 | AE82: =AB82*'Factors & Percentages'!$E$16+AC82*'Factors & Percentages'!$E$17+AD82*'Factors & Percentages'!$E$18 -> 4500.8412 | AF82: =W82+Y82+AA82+AE82 -> 23466.241 | AG82: =IF($L82>SUM(I82:K82)/3,$AF82,MIN(AF82,$I82*0.65)) -> 17360.85 | AH82: =IF($AL82>$AF82,$AL82*(1+'Factors & Percentages'!$B$3), IF($AF82>$AG82,$AG82, IF($AF82>$BOJ82,$AF82, $AL82*(1+'Factors & Percentages'!$B$3)))) -> 17360.85 | AI82: =IF(+MIN(AH82,+X82*2*AK$1)-(AL82*(1+'Factors & Percentages'!B$3))>0,0,+MIN(AH82,+X82*2*AK$1)-(AL82*(1+'Factors & Percentages'!B$3))) -> 0 | AJ82: =MIN(AH82-AI82,+X82*2*AK$1) -> 17360.85 | AL82: 16585
A83: 130083 | B83: St. John, Greenside | C83: Greenside | D83: Greenside | E83: SUNDERLAND | F83: GATESHEAD, WEST | G83: =+AJ83 -> 59740 | H83: 68250 | I83: 106534 | J83: 114854 | K83: 98532 | L83: 17431 | M83: 26198 | N83: 28098 | O83: 25468 | P83: 29474 | Q83: 31501 | R83: 6251 | S83: 5045 | T83: 17912 | U83: =I83+R83*0.1 -> 107159.1 | V83: =L83+0.1*O83 -> 19977.8 | W83: =SUM(U83*'Factors & Percentages'!$E$6+V83*'Factors & Percentages'!$E$7) -> 11586.156 | X83: 0.75 | Y83: =X83*'Factors & Percentages'!$E$10 -> 10620.727 | Z83: 0.063536034 | AA83: =+'Factors & Percentages'!E$13*Z83 -> 10589.815 | AB83: 46 | AC83: 45 | AD83: 8969 | AE83: =AB83*'Factors & Percentages'!$E$16+AC83*'Factors & Percentages'!$E$17+AD83*'Factors & Percentages'!$E$18 -> 9289.8008 | AF83: =W83+Y83+AA83+AE83 -> 42086.499 | AG83: =IF($L83>SUM(I83:K83)/3,$AF83,MIN(AF83,$I83*0.65)) -> 42086.499 | AH83: =IF($AL83>$AF83,$AL83*(1+'Factors & Percentages'!$B$3), IF($AF83>$AG83,$AG83, IF($AF83>$BOJ83,$AF83, $AL83*(1+'Factors & Percentages'!$B$3)))) -> 59740 | AI83: =IF(+MIN(AH83,+X83*2*AK$1)-(AL83*(1+'Factors & Percentages'!B$3))>0,0,+MIN(AH83,+X83*2*AK$1)-(AL83*(1+'Factors & Percentages'!B$3))) -> 0 | AJ83: =MIN(AH83-AI83,+X83*2*AK$1) -> 59740 | AL83: 58000
A84: 130195 | B84: Hamsterley | C84: Hamsterley | D84: Hamsterley | E84: AUCKLAND | F84: AUCKLAND | G84: =+AJ84 -> 15761.91 | H84: 18283.499 | I84: 17995 | J84: 14082 | K84: 15137 | L84: 20409 | M84: 20409 | N84: 18721 | O84: 1048 | P84: 1034 | Q84: 1018 | R84: 13 | S84: 16 | T84: 3 | U84: =I84+R84*0.1 -> 17996.3 | V84: =L84+0.1*O84 -> 20513.8 | W84: =SUM(U84*'Factors & Percentages'!$E$6+V84*'Factors & Percentages'!$E$7) -> 3149.61 | X84: 0.165 | Y84: =X84*'Factors & Percentages'!$E$10 -> 2336.5599 | Z84: 0.038058991 | AA84: =+'Factors & Percentages'!E$13*Z84 -> 6343.4501 | AB84: 23 | AC84: 28 | AD84: 609 | AE84: =AB84*'Factors & Percentages'!$E$16+AC84*'Factors & Percentages'!$E$17+AD84*'Factors & Percentages'!$E$18 -> 3932.2898 | AF84: =W84+Y84+AA84+AE84 -> 15761.91 | AG84: =IF($L84>SUM(I84:K84)/3,$AF84,MIN(AF84,$I84*0.65)) -> 15761.91 | AH84: =IF($AL84>$AF84,$AL84*(1+'Factors & Percentages'!$B$3), IF($AF84>$AG84,$AG84, IF($AF84>$BOJ84,$AF84, $AL84*(1+'Factors & Percentages'!$B$3)))) -> 15761.91 | AI84: =IF(+MIN(AH84,+X84*2*AK$1)-(AL84*(1+'Factors & Percentages'!B$3))>0,0,+MIN(AH84,+X84*2*AK$1)-(AL84*(1+'Factors & Percentages'!B$3))) -> 0 | AJ84: =MIN(AH84-AI84,+X84*2*AK$1) -> 15761.91 | AL84: 8220
... A93: 130261 | B93: St. Paul Hartlepool | C93: Hartlepool: St Paul | D93: Hartlepool St Paul | E93: AUCKLAND | F93: Hartlepool | G93: =+AJ93 -> 26401.922 | H93: 24884.367 | I93: 27523 | J93: 28664 | K93: 23490 | L93: 105753 | M93: 135483 | N93: 108381 | O93: 3362 | P93: 996 | Q93: 875 | R93: 411 | S93: 364 | T93: 469 | U93: =I93+R93*0.1 -> 27564.1 | V93: =L93+0.1*O93 -> 106089.2 | W93: =SUM(U93*'Factors & Percentages'!$E$6+V93*'Factors & Percentages'!$E$7) -> 10062.789 | X93: 0.5 | Y93: =X93*'Factors & Percentages'!$E$10 -> 7080.4846 | Z93: 0.019457941 | AA93: =+'Factors & Percentages'!E$13*Z93 -> 3243.1358 | AB93: 28 | AC93: 40 | AD93: 5647 | AE93: =AB93*'Factors & Percentages'!$E$16+AC93*'Factors & Percentages'!$E$17+AD93*'Factors & Percentages'!$E$18 -> 6015.5128 | AF93: =W93+Y93+AA93+AE93 -> 26401.922 | AG93: =IF($L93>SUM(I93:K93)/3,$AF93,MIN(AF93,$I93*0.65)) -> 26401.922 | AH93: =IF($AL93>$AF93,$AL93*(1+'Factors & Percentages'!$B$3), IF($AF93>$AG93,$AG93, IF($AF93>$BOJ93,$AF93, $AL93*(1+'Factors & Percentages'!$B$3)))) -> 26401.922 | AI93: =IF(+MIN(AH93,+X93*2*AK$1)-(AL93*(1+'Factors & Percentages'!B$3))>0,0,+MIN(AH93,+X93*2*AK$1)-(AL93*(1+'Factors & Percentages'!B$3))) -> 0 | AJ93: =MIN(AH93-AI93,+X93*2*AK$1) -> 26401.922 | AL93: 15000
A94: 130110 | B94: Harton | C94: Harton: St Peter | D94: Harton St Peter | E94: SUNDERLAND | F94: JARROW | G94: =+AJ94 -> 35678.495 | H94: 37548.194 | I94: 71319 | J94: 69749 | K94: 70650 | L94: 25793 | M94: 39550 | N94: 60988 | O94: =+P94 -> 39777 | P94: 39777 | Q94: 30000 | R94: 0 | S94: 0 | T94: 0 | U94: =I94+R94*0.1 -> 71319 | V94: =L94+0.1*O94 -> 29770.7 | W94: =SUM(U94*'Factors & Percentages'!$E$6+V94*'Factors & Percentages'!$E$7) -> 8866.9207 | X94: 0.5 | Y94: =X94*'Factors & Percentages'!$E$10 -> 7080.4846 | Z94: 0.062417297 | AA94: =+'Factors & Percentages'!E$13*Z94 -> 10403.35 | AB94: 40 | AC94: 77 | AD94: 9117 | AE94: =AB94*'Factors & Percentages'!$E$16+AC94*'Factors & Percentages'!$E$17+AD94*'Factors & Percentages'!$E$18 -> 9327.7396 | AF94: =W94+Y94+AA94+AE94 -> 35678.495 | AG94: =IF($L94>SUM(I94:K94)/3,$AF94,MIN(AF94,$I94*0.65)) -> 35678.495 | AH94: =IF($AL94>$AF94,$AL94*(1+'Factors & Percentages'!$B$3), IF($AF94>$AG94,$AG94, IF($AF94>$BOJ94,$AF94, $AL94*(1+'Factors & Percentages'!$B$3)))) -> 35678.495 | AI94: =IF(+MIN(AH94,+X94*2*AK$1)-(AL94*(1+'Factors & Percentages'!B$3))>0,0,+MIN(AH94,+X94*2*AK$1)-(AL94*(1+'Factors & Percentages'!B$3))) -> 0 | AJ94: =MIN(AH94-AI94,+X94*2*AK$1) -> 35678.495 | AL94: 24000
A95: 130046 | B95: Haswell | C95: Haswell | D95: Haswell | E95: SUNDERLAND | F95: Easington | G95: =+AJ95 -> 5455.45 | H95: 4954.95 | I95: 8393 | J95: 8393 | K95: 9882 | L95: 2099 | M95: 2099 | N95: 2099 | O95: 8721 | P95: 8721 | Q95: 8721 | R95: 1925 | S95: 1925 | T95: 323 | U95: =I95+R95*0.1 -> 8585.5 | V95: =L95+0.1*O95 -> 2971.1 | W95: =SUM(U95*'Factors & Percentages'!$E$6+V95*'Factors & Percentages'!$E$7) -> 1024.4253 | X95: 0.2 | Y95: =X95*'Factors & Percentages'!$E$10 -> 2832.1939 | Z95: 0.024351045 | AA95: =+'Factors & Percentages'!E$13*Z95 -> 4058.6897 | AB95: 16 | AC95: 27 | AD95: 1762 | AE95: =AB95*'Factors & Percentages'!$E$16+AC95*'Factors & Percentages'!$E$17+AD95*'Factors & Percentages'!$E$18 -> 3220.4018 | AF95: =W95+Y95+AA95+AE95 -> 11135.711 | AG95: =IF($L95>SUM(I95:K95)/3,$AF95,MIN(AF95,$I95*0.65)) -> 5455.45 | AH95: =IF($AL95>$AF95,$AL95*(1+'Factors & Percentages'!$B$3), IF($AF95>$AG95,$AG95, IF($AF95>$BOJ95,$AF95, $AL95*(1+'Factors & Percentages'!$B$3)))) -> 5455.45 | AI95: =IF(+MIN(AH95,+X95*2*AK$1)-(AL95*(1+'Factors & Percentages'!B$3))>0,0,+MIN(AH95,+X95*2*AK$1)-(AL95*(1+'Factors & Percentages'!B$3))) -> 0 | AJ95: =MIN(AH95-AI95,+X95*2*AK$1) -> 5455.45 | AL95: 2600
A96: 130241 | B96: Haughton le Skerne | C96: Haughton-le-Skerne | D96: Haughton le Skerne | E96: AUCKLAND | F96: DARLINGTON | G96: =+AJ96 -> 59617.43 | H96: 57881.25 | I96: 128067 | J96: 104803 | K96: 123338 | L96: 24002 | M96: 11315 | N96: 27849 | O96: 70831 | P96: 91846 | Q96: 87988 | R96: 28489 | S96: 38782 | T96: 52033 | U96: =I96+R96*0.1 -> 130915.9 | V96: =L96+0.1*O96 -> 31085.1 | W96: =SUM(U96*'Factors & Percentages'!$E$6+V96*'Factors & Percentages'!$E$7) -> 14623.306 | X96: 0.9 | Y96: =X96*'Factors & Percentages'!$E$10 -> 12744.872 | Z96: 0.036191234 | AA96: =+'Factors & Percentages'!E$13*Z96 -> 6032.1433 | AB96: 75 | AC96: 105 | AD96: 12466 | AE96: =AB96*'Factors & Percentages'!$E$16+AC96*'Factors & Percentages'!$E$17+AD96*'Factors & Percentages'!$E$18 -> 15473.889 | AF96: =W96+Y96+AA96+AE96 -> 48874.21 | AG96: =IF($L96>SUM(I96:K96)/3,$AF96,MIN(AF96,$I96*0.65)) -> 48874.21 | AH96: =IF($AL96>$AF96,$AL96*(1+'Factors & Percentages'!$B$3), IF($AF96>$AG96,$AG96, IF($AF96>$BOJ96,$AF96, $AL96*(1+'Factors & Percentages'!$B$3)))) -> 59617.43 | AI96: =IF(+MIN(AH96,+X96*2*AK$1)-(AL96*(1+'Factors & Percentages'!B$3))>0,0,+MIN(AH96,+X96*2*AK$1)-(AL96*(1+'Factors & Percentages'!B$3))) -> 0 | AJ96: =MIN(AH96-AI96,+X96*2*AK$1) -> 59617.43 | AL96: 57881
A97: 130047 | B97: St. Michael, Hawthorn | C97: Hawthorn | D97: Hawthorn | E97: SUNDERLAND | F97: Easington | G97: =+AJ97 -> 15733.522 | H97: 15554.7 | I97: 15428 | J97: 14751 | K97: 16425 | L97: 25666 | M97: 32244 | N97: 35014 | O97: 0 | P97: 0 | Q97: 4146 | R97: 40 | S97: 40 | T97: 547 | U97: =I97+R97*0.1 -> 15432 | V97: =L97+0.1*O97 -> 25666 | W97: =SUM(U97*'Factors & Percentages'!$E$6+V97*'Factors & Percentages'!$E$7) -> 3267.3662 | X97: 0.2 | Y97: =X97*'Factors & Percentages'!$E$10 -> 2832.1939 | Z97: 0.043387713 | AA97: =+'Factors & Percentages'!E$13*Z97 -> 7231.6102 | AB97: 13 | AC97: 22 | AD97: 450 | AE97: =AB97*'Factors & Percentages'!$E$16+AC97*'Factors & Percentages'!$E$17+AD97*'Factors & Percentages'!$E$18 -> 2402.3514 | AF97: =W97+Y97+AA97+AE97 -> 15733.522 | AG97: =IF($L97>SUM(I97:K97)/3,$AF97,MIN(AF97,$I97*0.65)) -> 15733.522 | AH97: =IF($AL97>$AF97,$AL97*(1+'Factors & Percentages'!$B$3), IF($AF97>$AG97,$AG97, IF($AF97>$BOJ97,$AF97, $AL97*(1+'Factors & Percentages'!$B$3)))) -> 15733.522 | AI97: =IF(+MIN(AH97,+X97*2*AK$1)-(AL97*(1+'Factors & Percentages'!B$3))>0,0,+MIN(AH97,+X97*2*AK$1)-(AL97*(1+'Factors & Percentages'!B$3))) -> 0 | AJ97: =MIN(AH97-AI97,+X97*2*AK$1) -> 15733.522 | AL97: 15000
A98: 130112 | B98: Hebburn Saint Cuthbert and Saint Oswald | C98: Hebburn: St. Cuthbert & St Oswald | D98: Hebburn St Cuthbert & St Oswald | E98: SUNDERLAND | F98: JARROW | G98: =+AJ98 -> 23467.46 | H98: 21033.539 | I98: 18239 | J98: 20144 | K98: 23094 | L98: 28181 | M98: 30987 | N98: 31810 | O98: 0 | P98: 0 | Q98: 0 | R98: 971 | S98: 5416 | T98: 1191 | U98: =I98+R98*0.1 -> 18336.1 | V98: =L98+0.1*O98 -> 28181 | W98: =SUM(U98*'Factors & Percentages'!$E$6+V98*'Factors & Percentages'!$E$7) -> 3719.8243 | X98: 0.5 | Y98: =X98*'Factors & Percentages'!$E$10 -> 7080.4846 | Z98: 0.034484542 | AA98: =+'Factors & Percentages'!E$13*Z98 -> 5747.6818 | AB98: 25 | AC98: 44 | AD98: 11130 | AE98: =AB98*'Factors & Percentages'!$E$16+AC98*'Factors & Percentages'!$E$17+AD98*'Factors & Percentages'!$E$18 -> 6919.469 | AF98: =W98+Y98+AA98+AE98 -> 23467.46 | AG98: =IF($L98>SUM(I98:K98)/3,$AF98,MIN(AF98,$I98*0.65)) -> 23467.46 | AH98: =IF($AL98>$AF98,$AL98*(1+'Factors & Percentages'!$B$3), IF($AF98>$AG98,$AG98, IF($AF98>$BOJ98,$AF98, $AL98*(1+'Factors & Percentages'!$B$3)))) -> 23467.46 | AI98: =IF(+MIN(AH98,+X98*2*AK$1)-(AL98*(1+'Factors & Percentages'!B$3))>0,0,+MIN(AH98,+X98*2*AK$1)-(AL98*(1+'Factors & Percentages'!B$3))) -> 0 | AJ98: =MIN(AH98-AI98,+X98*2*AK$1) -> 23467.46 | AL98: 8000
A99: 130113 | B99: St. John Hebburn | C99: Hebburn: St John | D99: Hebburn St John | E99: SUNDERLAND | F99: JARROW | G99: =+AJ99 -> 38323.737 | H99: 30965.34 | I99: 62604 | J99: 53661 | K99: 69602 | L99: 21483 | M99: 15429 | N99: 17912 | O99: 1912 | P99: 8561 | Q99: 6464 | R99: 83 | S99: 4275 | T99: 3767 | U99: =I99+R99*0.1 -> 62612.3 | V99: =L99+0.1*O99 -> 21674.2 | W99: =SUM(U99*'Factors & Percentages'!$E$6+V99*'Factors & Percentages'!$E$7) -> 7471.3859 | X99: 0.75 | Y99: =X99*'Factors & Percentages'!$E$10 -> 10620.727 | Z99: 0.050096938 | AA99: =+'Factors & Percentages'!E$13*Z99 -> 8349.8646 | AB99: 60 | AC99: 59 | AD99: 10593 | AE99: =AB99*'Factors & Percentages'!$E$16+AC99*'Factors & Percentages'!$E$17+AD99*'Factors & Percentages'!$E$18 -> 11881.76 | AF99: =W99+Y99+AA99+AE99 -> 38323.737 | AG99: =IF($L99>SUM(I99:K99)/3,$AF99,MIN(AF99,$I99*0.65)) -> 38323.737 | AH99: =IF($AL99>$AF99,$AL99*(1+'Factors & Percentages'!$B$3), IF($AF99>$AG99,$AG99, IF($AF99>$BOJ99,$AF99, $AL99*(1+'Factors & Percentages'!$B$3)))) -> 38323.737 | AI99: =IF(+MIN(AH99,+X99*2*AK$1)-(AL99*(1+'Factors & Percentages'!B$3))>0,0,+MIN(AH99,+X99*2*AK$1)-(AL99*(1+'Factors & Percentages'!B$3))) -> 0 | AJ99: =MIN(AH99-AI99,+X99*2*AK$1) -> 38323.737 | AL99: 30965
A100: 130115 | B100: Hedworth | C100: Hedworth | D100: Hedworth - The Boldons | E100: SUNDERLAND | F100: JARROW | G100: =+AJ100 -> 9434.75 | H100: 8963.5 | I100: 14515 | J100: 13790 | K100: 13041 | L100: 2482 | M100: 3037 | N100: 3581 | O100: 437 | P100: 327 | Q100: 1819 | R100: 140 | S100: 400 | T100: 1981 | U100: =I100+R100*0.1 -> 14529 | V100: =L100+0.1*O100 -> 2525.7 | W100: =SUM(U100*'Factors & Percentages'!$E$6+V100*'Factors & Percentages'!$E$7) -> 1558.0549 | X100: 0.33333333 | Y100: =X100*'Factors & Percentages'!$E$10 -> 4720.3231 | Z100: 0.03536418 | AA100: =+'Factors & Percentages'!E$13*Z100 -> 5894.2947 | AB100: 20 | AC100: 10 | AD100: 11194 | AE100: =AB100*'Factors & Percentages'!$E$16+AC100*'Factors & Percentages'!$E$17+AD100*'Factors & Percentages'!$E$18 -> 5400.2585 | AF100: =W100+Y100+AA100+AE100 -> 17572.931 | AG100: =IF($L100>SUM(I100:K100)/3,$AF100,MIN(AF100,$I100*0.65)) -> 9434.75 | AH100: =IF($AL100>$AF100,$AL100*(1+'Factors & Percentages'!$B$3), IF($AF100>$AG100,$AG100, IF($AF100>$BOJ100,$AF100, $AL100*(1+'Factors & Percentages'!$B$3)))) -> 9434.75 | AI100: =IF(+MIN(AH100,+X100*2*AK$1)-(AL100*(1+'Factors & Percentages'!B$3))>0,0,+MIN(AH100,+X100*2*AK$1)-(AL100*(1+'Factors & Percentages'!B$3))) -> 0 | AJ100: =MIN(AH100-AI100,+X100*2*AK$1) -> 9434.75 | AL100: 4000
A101: 130242 | B101: Heighington | C101: Heighington | D101: Heighington | E101: AUCKLAND | F101: DARLINGTON | G101: =+AJ101 -> 33217.5 | H101: 52038 | I101: 65881 | J101: 70846 | K101: 98165 | L101: 14764 | M101: 53243 | N101: 43792 | O101: 21123 | P101: 7548 | Q101: 16428 | R101: 148 | S101: 0 | T101: 0 | U101: =I101+R101*0.1 -> 65895.8 | V101: =L101+0.1*O101 -> 16876.3 | W101: =SUM(U101*'Factors & Percentages'!$E$6+V101*'Factors & Percentages'!$E$7) -> 7446.8406 | X101: 0.5 | Y101: =X101*'Factors & Percentages'!$E$10 -> 7080.4846 | Z101: 0.068732301 | AA101: =+'Factors & Percentages'!E$13*Z101 -> 11455.898 | AB101: 30 | AC101: 74 | AD101: 3583 | AE101: =AB101*'Factors & Percentages'!$E$16+AC101*'Factors & Percentages'!$E$17+AD101*'Factors & Percentages'!$E$18 -> 6692.157 | AF101: =W101+Y101+AA101+AE101 -> 32675.38 | AG101: =IF($L101>SUM(I101:K101)/3,$AF101,MIN(AF101,$I101*0.65)) -> 32675.38 | AH101: =IF($AL101>$AF101,$AL101*(1+'Factors & Percentages'!$B$3), IF($AF101>$AG101,$AG101, IF($AF101>$BOJ101,$AF101, $AL101*(1+'Factors & Percentages'!$B$3)))) -> 32675.38 | AI101: =IF(+MIN(AH101,+X101*2*AK$1)-(AL101*(1+'Factors & Percentages'!B$3))>0,0,+MIN(AH101,+X101*2*AK$1)-(AL101*(1+'Factors & Percentages'!B$3))) -> -542.11975 | AJ101: =MIN(AH101-AI101,+X101*2*AK$1) -> 33217.5 | AL101: 32250
A102: 130158 | B102: Hendon | C102: Hendon | D102: Hendon St Ignatius | E102: SUNDERLAND | F102: WEARMOUTH | G102: =+AJ102 -> 38214.583 | H102: 28410.674 | I102: 33927 | J102: 34213 | K102: 37741 | L102: 119288 | M102: 46332 | N102: 50678 | O102: 32482 | P102: 33300 | Q102: 31515 | R102: 16297 | S102: 4197 | T102: 11564 | U102: =I102+R102*0.1 -> 35556.7 | V102: =L102+0.1*O102 -> 122536.2 | W102: =SUM(U102*'Factors & Percentages'!$E$6+V102*'Factors & Percentages'!$E$7) -> 11976.313 | X102: 1 | Y102: =X102*'Factors & Percentages'!$E$10 -> 14160.969 | Z102: 0.016151801 | AA102: =+'Factors & Percentages'!E$13*Z102 -> 2692.0877 | AB102: 33 | AC102: 118 | AD102: 8927 | AE102: =AB102*'Factors & Percentages'!$E$16+AC102*'Factors & Percentages'!$E$17+AD102*'Factors & Percentages'!$E$18 -> 9385.2126 | AF102: =W102+Y102+AA102+AE102 -> 38214.583 | AG102: =IF($L102>SUM(I102:K102)/3,$AF102,MIN(AF102,$I102*0.65)) -> 38214.583 | AH102: =IF($AL102>$AF102,$AL102*(1+'Factors & Percentages'!$B$3), IF($AF102>$AG102,$AG102, IF($AF102>$BOJ102,$AF102, $AL102*(1+'Factors & Percentages'!$B$3)))) -> 38214.583 | AI102: =IF(+MIN(AH102,+X102*2*AK$1)-(AL102*(1+'Factors & Percentages'!B$3))>0,0,+MIN(AH102,+X102*2*AK$1)-(AL102*(1+'Factors & Percentages'!B$3))) -> 0 | AJ102: =MIN(AH102-AI102,+X102*2*AK$1) -> 38214.583 | AL102: 14520
A103: 130102 | B103: Herrington, Penshaw & Shiney Row | C103: Herrington, Penshaw & Shiney Row | D103: Herrington, Penshaw & Shiney Row | E103: SUNDERLAND | F103: Chester le Street and Houghton | G103: =+AJ103 -> 25638.6 | H103: 25788.582 | I103: 39444 | J103: 40386 | K103: 42581 | L103: 29325 | M103: 40754 | N103: 57049 | O103: 11894 | P103: 18608 | Q103: 22702 | R103: 5025 | S103: 7859 | T103: 241 | U103: =I103+R103*0.1 -> 39946.5 | V103: =L103+0.1*O103 -> 30514.4 | W103: =SUM(U103*'Factors & Percentages'!$E$6+V103*'Factors & Percentages'!$E$7) -> 5937.4134 | X103: 0.5 | Y103: =X103*'Factors & Percentages'!$E$10 -> 7080.4846 | Z103: 0.033843467 | AA103: =+'Factors & Percentages'!E$13*Z103 -> 5640.8312 | AB103: 43 | AC103: 77 | AD103: 11101 | AE103: =AB103*'Factors & Percentages'!$E$16+AC103*'Factors & Percentages'!$E$17+AD103*'Factors & Percentages'!$E$18 -> 10166.788 | AF103: =W103+Y103+AA103+AE103 -> 28825.518 | AG103: =IF($L103>SUM(I103:K103)/3,$AF103,MIN(AF103,$I103*0.65)) -> 25638.6 | AH103: =IF($AL103>$AF103,$AL103*(1+'Factors & Percentages'!$B$3), IF($AF103>$AG103,$AG103, IF($AF103>$BOJ103,$AF103, $AL103*(1+'Factors & Percentages'!$B$3)))) -> 25638.6 | AI103: =IF(+MIN(AH103,+X103*2*AK$1)-(AL103*(1+'Factors & Percentages'!B$3))>0,0,+MIN(AH103,+X103*2*AK$1)-(AL103*(1+'Factors & Percentages'!B$3))) -> 0 | AJ103: =MIN(AH103-AI103,+X103*2*AK$1) -> 25638.6 | AL103: 24100
A104: 130100 | B104: Saint Michael and Saint Nicholas, Hetton-Lyons with Eppleton | C104: Hetton-Lyons w Eppleton: St Michael & St Nicholas, | D104: Hetton-Lyons w Eppleton | E104: SUNDERLAND | F104: Chester le Street and Houghton | G104: =+AJ104 -> 19301.75 | H104: 24766.3 | I104: 29695 | J104: 38102 | K104: 39760 | L104: 12161 | M104: 13438 | N104: 18097 | O104: 13692 | P104: 19675 | Q104: 18918 | R104: 0 | S104: 0 | T104: 3985 | U104: =I104+R104*0.1 -> 29695 | V104: =L104+0.1*O104 -> 13530.2 | W104: =SUM(U104*'Factors & Percentages'!$E$6+V104*'Factors & Percentages'!$E$7) -> 3771.511 | X104: 0.85 | Y104: =X104*'Factors & Percentages'!$E$10 -> 12036.824 | Z104: 0.026227032 | AA104: =+'Factors & Percentages'!E$13*Z104 -> 4371.3682 | AB104: 30 | AC104: 37 | AD104: 13179 | AE104: =AB104*'Factors & Percentages'!$E$16+AC104*'Factors & Percentages'!$E$17+AD104*'Factors & Percentages'!$E$18 -> 7863.9503 | AF104: =W104+Y104+AA104+AE104 -> 28043.653 | AG104: =IF($L104>SUM(I104:K104)/3,$AF104,MIN(AF104,$I104*0.65)) -> 19301.75 | AH104: =IF($AL104>$AF104,$AL104*(1+'Factors & Percentages'!$B$3), IF($AF104>$AG104,$AG104, IF($AF104>$BOJ104,$AF104, $AL104*(1+'Factors & Percentages'!$B$3)))) -> 19301.75 | AI104: =IF(+MIN(AH104,+X104*2*AK$1)-(AL104*(1+'Factors & Percentages'!B$3))>0,0,+MIN(AH104,+X104*2*AK$1)-(AL104*(1+'Factors & Percentages'!B$3))) -> 0 | AJ104: =MIN(AH104-AI104,+X104*2*AK$1) -> 19301.75 | AL104: 17000
A105: 130076 | B105: Heworth | C105: Heworth: St Mary | D105: Heworth St Mary | E105: SUNDERLAND | F105: GATESHEAD | G105: =+AJ105 -> 33856.479 | H105: 28398.178 | I105: 32009 | J105: 33040 | K105: 31845 | L105: 35403 | M105: 43764 | N105: 26227 | O105: 20130 | P105: 20130 | Q105: 14554 | R105: 0 | S105: 0 | T105: 0 | U105: =I105+R105*0.1 -> 32009 | V105: =L105+0.1*O105 -> 37416 | W105: =SUM(U105*'Factors & Percentages'!$E$6+V105*'Factors & Percentages'!$E$7) -> 5667.2288 | X105: 1 | Y105: =X105*'Factors & Percentages'!$E$10 -> 14160.969 | Z105: 0.040251167 | AA105: =+'Factors & Percentages'!E$13*Z105 -> 6708.8291 | AB105: 27 | AC105: 43 | AD105: 11843 | AE105: =AB105*'Factors & Percentages'!$E$16+AC105*'Factors & Percentages'!$E$17+AD105*'Factors & Percentages'!$E$18 -> 7319.4521 | AF105: =W105+Y105+AA105+AE105 -> 33856.479 | AG105: =IF($L105>SUM(I105:K105)/3,$AF105,MIN(AF105,$I105*0.65)) -> 33856.479 | AH105: =IF($AL105>$AF105,$AL105*(1+'Factors & Percentages'!$B$3), IF($AF105>$AG105,$AG105, IF($AF105>$BOJ105,$AF105, $AL105*(1+'Factors & Percentages'!$B$3)))) -> 33856.479 | AI105: =IF(+MIN(AH105,+X105*2*AK$1)-(AL105*(1+'Factors & Percentages'!B$3))>0,0,+MIN(AH105,+X105*2*AK$1)-(AL105*(1+'Factors & Percentages'!B$3))) -> 0 | AJ105: =MIN(AH105-AI105,+X105*2*AK$1) -> 33856.479 | AL105: 10000
A106: 130092 | B106: High Spen and Rowlands Gill | C106: High Spen & Rowlands Gill | D106: High Spen & Rowlands Gill | E106: SUNDERLAND | F106: GATESHEAD, WEST | G106: =+AJ106 -> 26550.682 | H106: 26396.5 | I106: 41450 | J106: 40610 | K106: 43012 | L106: 19803 | M106: 17303 | N106: 20325 | O106: 2210 | P106: 12405 | Q106: 2147 | R106: 9233 | S106: 12154 | T106: 229 | U106: =I106+R106*0.1 -> 42373.3 | V106: =L106+0.1*O106 -> 20024 | W106: =SUM(U106*'Factors & Percentages'!$E$6+V106*'Factors & Percentages'!$E$7) -> 5432.0689 | X106: 0.5 | Y106: =X106*'Factors & Percentages'!$E$10 -> 7080.4846 | Z106: 0.045780628 | AA106: =+'Factors & Percentages'!E$13*Z106 -> 7630.4474 | AB106: 20 | AC106: 75 | AD106: 8282 | AE106: =AB106*'Factors & Percentages'!$E$16+AC106*'Factors & Percentages'!$E$17+AD106*'Factors & Percentages'!$E$18 -> 6407.6815 | AF106: =W106+Y106+AA106+AE106 -> 26550.682 | AG106: =IF($L106>SUM(I106:K106)/3,$AF106,MIN(AF106,$I106*0.65)) -> 26550.682 | AH106: =IF($AL106>$AF106,$AL106*(1+'Factors & Percentages'!$B$3), IF($AF106>$AG106,$AG106, IF($AF106>$BOJ106,$AF106, $AL106*(1+'Factors & Percentages'!$B$3)))) -> 26550.682 | AI106: =IF(+MIN(AH106,+X106*2*AK$1)-(AL106*(1+'Factors & Percentages'!B$3))>0,0,+MIN(AH106,+X106*2*AK$1)-(AL106*(1+'Factors & Percentages'!B$3))) -> 0 | AJ106: =MIN(AH106-AI106,+X106*2*AK$1) -> 26550.682 | AL106: 23350
... A134: 130101 | B134: St. Matthew, Newbottle | C134: Newbottle | D134: Newbottle, St Matthew | E134: SUNDERLAND | F134: Chester le Street and Houghton | G134: =+AJ134 -> 16376.75 | H134: 17067.7 | I134: 25195 | J134: 26258 | K134: 36688 | L134: 6086 | M134: 4233 | N134: 8452 | O134: 13439 | P134: 14482 | Q134: 20731 | R134: 2426 | S134: 0 | T134: 0 | U134: =I134+R134*0.1 -> 25437.6 | V134: =L134+0.1*O134 -> 7429.9 | W134: =SUM(U134*'Factors & Percentages'!$E$6+V134*'Factors & Percentages'!$E$7) -> 2938.8941 | X134: 0.3 | Y134: =X134*'Factors & Percentages'!$E$10 -> 4248.2908 | Z134: 0.050477517 | AA134: =+'Factors & Percentages'!E$13*Z134 -> 8413.2974 | AB134: 34 | AC134: 54 | AD134: 5753 | AE134: =AB134*'Factors & Percentages'!$E$16+AC134*'Factors & Percentages'!$E$17+AD134*'Factors & Percentages'!$E$18 -> 7199.4259 | AF134: =W134+Y134+AA134+AE134 -> 22799.908 | AG134: =IF($L134>SUM(I134:K134)/3,$AF134,MIN(AF134,$I134*0.65)) -> 16376.75 | AH134: =IF($AL134>$AF134,$AL134*(1+'Factors & Percentages'!$B$3), IF($AF134>$AG134,$AG134, IF($AF134>$BOJ134,$AF134, $AL134*(1+'Factors & Percentages'!$B$3)))) -> 16376.75 | AI134: =IF(+MIN(AH134,+X134*2*AK$1)-(AL134*(1+'Factors & Percentages'!B$3))>0,0,+MIN(AH134,+X134*2*AK$1)-(AL134*(1+'Factors & Percentages'!B$3))) -> 0 | AJ134: =MIN(AH134-AI134,+X134*2*AK$1) -> 16376.75 | AL134: 15000
A135: 130027 | B135: Newton Hall | C135: Newton Hall: LEP | D135: Newton Hall LEP | E135: DURHAM | F135: DURHAM | G135: =+AJ135 -> 26746.45 | H135: 25388.5 | I135: 56533 | J135: 48290 | K135: 51159 | L135: 24582 | M135: 26704 | N135: 27385 | O135: 28634 | P135: 23709 | Q135: 22794 | R135: 14218 | S135: 6855 | T135: 10569 | U135: =I135+R135*0.1 -> 57954.8 | V135: =L135+0.1*O135 -> 27445.4 | W135: =SUM(U135*'Factors & Percentages'!$E$6+V135*'Factors & Percentages'!$E$7) -> 7433.6297 | X135: 0.5 | Y135: =X135*'Factors & Percentages'!$E$10 -> 7080.4846 | Z135: 0.12315423 | AA135: =+'Factors & Percentages'!E$13*Z135 -> 20526.626 | AB135: 55 | AC135: 63 | AD135: 8601 | AE135: =AB135*'Factors & Percentages'!$E$16+AC135*'Factors & Percentages'!$E$17+AD135*'Factors & Percentages'!$E$18 -> 10873.766 | AF135: =W135+Y135+AA135+AE135 -> 45914.506 | AG135: =IF($L135>SUM(I135:K135)/3,$AF135,MIN(AF135,$I135*0.65)) -> 36746.45 | AH135: =IF($AL135>$AF135,$AL135*(1+'Factors & Percentages'!$B$3), IF($AF135>$AG135,$AG135, IF($AF135>$BOJ135,$AF135, $AL135*(1+'Factors & Percentages'!$B$3)))) -> 36746.45 | AI135: =IF(+MIN(AH135,+X135*2*AK$1)-(AL135*(1+'Factors & Percentages'!B$3))>0,0,+MIN(AH135,+X135*2*AK$1)-(AL135*(1+'Factors & Percentages'!B$3))) -> 0 | AJ135: =MIN(AH135-AI135,+X135*2*AK$1)-10000 -> 26746.45 | AL135: 24256
A136: 130165 | B136: North Wearside | C136: North Wearside | D136: North Wearside | E136: SUNDERLAND | F136: WEARMOUTH | G136: =+AJ136 -> 38706.912 | H136: 48569.402 | I136: 42773 | J136: 47958 | K136: 37488 | L136: 45768 | M136: 49606 | N136: 59662 | O136: 6040 | P136: 1170 | Q136: 7517 | R136: 5500 | S136: 6596 | T136: 3267 | U136: =I136+R136*0.1 -> 43323 | V136: =L136+0.1*O136 -> 46372 | W136: =SUM(U136*'Factors & Percentages'!$E$6+V136*'Factors & Percentages'!$E$7) -> 7370.8661 | X136: 1 | Y136: =X136*'Factors & Percentages'!$E$10 -> 14160.969 | Z136: 0.021049751 | AA136: =+'Factors & Percentages'!E$13*Z136 -> 3508.4494 | AB136: 37 | AC136: 61 | AD136: 32530 | AE136: =AB136*'Factors & Percentages'!$E$16+AC136*'Factors & Percentages'!$E$17+AD136*'Factors & Percentages'!$E$18 -> 13666.628 | AF136: =W136+Y136+AA136+AE136 -> 38706.912 | AG136: =IF($L136>SUM(I136:K136)/3,$AF136,MIN(AF136,$I136*0.65)) -> 38706.912 | AH136: =IF($AL136>$AF136,$AL136*(1+'Factors & Percentages'!$B$3), IF($AF136>$AG136,$AG136, IF($AF136>$BOJ136,$AF136, $AL136*(1+'Factors & Percentages'!$B$3)))) -> 38706.912 | AI136: =IF(+MIN(AH136,+X136*2*AK$1)-(AL136*(1+'Factors & Percentages'!B$3))>0,0,+MIN(AH136,+X136*2*AK$1)-(AL136*(1+'Factors & Percentages'!B$3))) -> 0 | AJ136: =MIN(AH136-AI136,+X136*2*AK$1) -> 38706.912 | AL136: 10000
A137: 130310 | B137: Norton | C137: Norton: St Mary the Virgin | D137: Norton St Mary the Virgin | E137: AUCKLAND | F137: STOCKTON | G137: =+AJ137 -> 46221.512 | H137: 42745.516 | I137: 99742 | J137: 79307 | K137: 73635 | L137: 79118 | M137: 36775 | N137: 75672 | O137: 14365 | P137: 29529 | Q137: 14799 | R137: 1345 | S137: 15641 | T137: 6628 | U137: =I137+R137*0.1 -> 99876.5 | V137: =L137+0.1*O137 -> 80554.5 | W137: =SUM(U137*'Factors & Percentages'!$E$6+V137*'Factors & Percentages'!$E$7) -> 15143.979 | X137: 0.5 | Y137: =X137*'Factors & Percentages'!$E$10 -> 7080.4846 | Z137: 0.064145328 | AA137: =+'Factors & Percentages'!E$13*Z137 -> 10691.368 | AB137: 61 | AC137: 106 | AD137: 11040 | AE137: =AB137*'Factors & Percentages'!$E$16+AC137*'Factors & Percentages'!$E$17+AD137*'Factors & Percentages'!$E$18 -> 13305.68 | AF137: =W137+Y137+AA137+AE137 -> 46221.512 | AG137: =IF($L137>SUM(I137:K137)/3,$AF137,MIN(AF137,$I137*0.65)) -> 46221.512 | AH137: =IF($AL137>$AF137,$AL137*(1+'Factors & Percentages'!$B$3), IF($AF137>$AG137,$AG137, IF($AF137>$BOJ137,$AF137, $AL137*(1+'Factors & Percentages'!$B$3)))) -> 46221.512 | AI137: =IF(+MIN(AH137,+X137*2*AK$1)-(AL137*(1+'Factors & Percentages'!B$3))>0,0,+MIN(AH137,+X137*2*AK$1)-(AL137*(1+'Factors & Percentages'!B$3))) -> 0 | AJ137: =MIN(AH137-AI137,+X137*2*AK$1) -> 46221.512 | AL137: 42746
A138: 130311 | B138: St. Michael and All Angels Norton | C138: Norton: St Michael & All Angels | D138: Norton St Michael & All Angels | E138: AUCKLAND | F138: STOCKTON | G138: 24974.391 | H138: 21297.569 | I138: 31958 | J138: 32472 | K138: 32265 | L138: 47246 | M138: 62001 | N138: 68962 | O138: 13461 | P138: 15967 | Q138: 4696 | R138: 0 | S138: 0 | T138: 0 | U138: 31958 | V138: 48592.1 | W138: 6446.4802 | X138: 0.5 | Y138: 7080.4846 | Z138: 0.026578921 | AA138: 4430.0191 | AB138: 28 | AC138: 44 | AD138: 9743 | AE138: 7017.4066 | AF138: 24974.391 | AG138: 24974.391 | AH138: 24974.391 | AI138: =IF(+MIN(AH138,+X138*2*AK$1)-(AL138*(1+'Factors & Percentages'!B$3))>0,0,+MIN(AH138,+X138*2*AK$1)-(AL138*(1+'Factors & Percentages'!B$3))) -> 0 | AJ138: =MIN(AH138-AI138,+X138*2*AK$1) -> 24974.391 | AL138: 15000
A139: 130263 | B139: Owton Manor St. James | C139: Owton Manor | D139: Owton Manor | E139: AUCKLAND | F139: Hartlepool | G139: =+AJ139 -> 34516.726 | H139: 29055.419 | I139: 30721 | J139: 28770 | K139: 28151 | L139: 37445 | M139: 30230 | N139: 32352 | O139: 33065 | P139: 31310 | Q139: 29796 | R139: 2724 | S139: 7730 | T139: 7176 | U139: =I139+R139*0.1 -> 30993.4 | V139: =L139+0.1*O139 -> 40751.5 | W139: =SUM(U139*'Factors & Percentages'!$E$6+V139*'Factors & Percentages'!$E$7) -> 5804.7186 | X139: 1 | Y139: =X139*'Factors & Percentages'!$E$10 -> 14160.969 | Z139: 0.025117424 | AA139: =+'Factors & Percentages'!E$13*Z139 -> 4186.4253 | AB139: 42 | AC139: 59 | AD139: 14687 | AE139: =AB139*'Factors & Percentages'!$E$16+AC139*'Factors & Percentages'!$E$17+AD139*'Factors & Percentages'!$E$18 -> 10364.613 | AF139: =W139+Y139+AA139+AE139 -> 34516.726 | AG139: =IF($L139>SUM(I139:K139)/3,$AF139,MIN(AF139,$I139*0.65)) -> 34516.726 | AH139: =IF($AL139>$AF139,$AL139*(1+'Factors & Percentages'!$B$3), IF($AF139>$AG139,$AG139, IF($AF139>$BOJ139,$AF139, $AL139*(1+'Factors & Percentages'!$B$3)))) -> 34516.726 | AI139: =IF(+MIN(AH139,+X139*2*AK$1)-(AL139*(1+'Factors & Percentages'!B$3))>0,0,+MIN(AH139,+X139*2*AK$1)-(AL139*(1+'Factors & Percentages'!B$3))) -> 0 | AJ139: =MIN(AH139-AI139,+X139*2*AK$1) -> 34516.726 | AL139: 14300
A140: 130007 | B140: Oxclose | C140: Oxclose: LEP | D140: Oxclose | E140: SUNDERLAND | F140: Chester le Street and Houghton | G140: =+AJ140 -> 34485.991 | H140: 34651.223 | I140: 58127 | J140: 63240 | K140: 40639 | L140: 7830 | M140: 15044 | N140: 15215 | O140: 13298 | P140: 17852 | Q140: 11547 | R140: 122 | S140: 11827 | T140: 500 | U140: =I140+R140*0.1 -> 58139.2 | V140: =L140+0.1*O140 -> 9159.8 | W140: =SUM(U140*'Factors & Percentages'!$E$6+V140*'Factors & Percentages'!$E$7) -> 6168.2649 | X140: 1 | Y140: =X140*'Factors & Percentages'!$E$10 -> 14160.969 | Z140: 0.041085816 | AA140: =+'Factors & Percentages'!E$13*Z140 -> 6847.9435 | AB140: 30 | AC140: 30 | AD140: 11461 | AE140: =AB140*'Factors & Percentages'!$E$16+AC140*'Factors & Percentages'!$E$17+AD140*'Factors & Percentages'!$E$18 -> 7308.8133 | AF140: =W140+Y140+AA140+AE140 -> 34485.991 | AG140: =IF($L140>SUM(I140:K140)/3,$AF140,MIN(AF140,$I140*0.65)) -> 34485.991 | AH140: =IF($AL140>$AF140,$AL140*(1+'Factors & Percentages'!$B$3), IF($AF140>$AG140,$AG140, IF($AF140>$BOJ140,$AF140, $AL140*(1+'Factors & Percentages'!$B$3)))) -> 34485.991 | AI140: =IF(+MIN(AH140,+X140*2*AK$1)-(AL140*(1+'Factors & Percentages'!B$3))>0,0,+MIN(AH140,+X140*2*AK$1)-(AL140*(1+'Factors & Percentages'!B$3))) -> 0 | AJ140: =MIN(AH140-AI140,+X140*2*AK$1) -> 34485.991 | AL140: 13000
A141: 130350 | B141: Millfield and Pallion | C141: Millfield and Pallion | D141: Pallion St. Luke (Millfield and Pallion) | E141: SUNDERLAND | F141: WEARMOUTH | G141: =+AJ141 -> 25529.858 | H141: 20649.405 | I141: 9839 | J141: 12790 | K141: 13794 | L141: 125714 | M141: 140757 | N141: 71596 | O141: 12516 | P141: 5258 | Q141: 5236 | R141: 560 | S141: 265 | T141: 154 | U141: =I141+R141*0.1 -> 9895 | V141: =L141+0.1*O141 -> 126965.6 | W141: =SUM(U141*'Factors & Percentages'!$E$6+V141*'Factors & Percentages'!$E$7) -> 9848.1514 | X141: 0.5 | Y141: =X141*'Factors & Percentages'!$E$10 -> 7080.4846 | Z141: 0.02201053 | AA141: =+'Factors & Percentages'!E$13*Z141 -> 3668.5864 | AB141: 22 | AC141: 38 | AD141: 4617 | AE141: =AB141*'Factors & Percentages'!$E$16+AC141*'Factors & Percentages'!$E$17+AD141*'Factors & Percentages'!$E$18 -> 4932.6358 | AF141: =W141+Y141+AA141+AE141 -> 25529.858 | AG141: =IF($L141>SUM(I141:K141)/3,$AF141,MIN(AF141,$I141*0.65)) -> 25529.858 | AH141: =IF($AL141>$AF141,$AL141*(1+'Factors & Percentages'!$B$3), IF($AF141>$AG141,$AG141, IF($AF141>$BOJ141,$AF141, $AL141*(1+'Factors & Percentages'!$B$3)))) -> 25529.858 | AI141: =IF(+MIN(AH141,+X141*2*AK$1)-(AL141*(1+'Factors & Percentages'!B$3))>0,0,+MIN(AH141,+X141*2*AK$1)-(AL141*(1+'Factors & Percentages'!B$3))) -> 0 | AJ141: =MIN(AH141-AI141,+X141*2*AK$1) -> 25529.858 | AL141: 13000
A142: 130008 | B142: Pelton | C142: Pelton | D142: Pelton, Holy Trinity | E142: SUNDERLAND | F142: Chester le Street and Houghton | G142: =+AJ142 -> 27005.544 | H142: 23649.48 | I142: 27881 | J142: 27881 | K142: 36427 | L142: 34580 | M142: 34580 | N142: 44275 | O142: 0 | P142: 0 | Q142: 3907 | R142: 0 | S142: 0 | T142: 390 | U142: =I142+R142*0.1 -> 27881 | V142: =L142+0.1*O142 -> 34580 | W142: =SUM(U142*'Factors & Percentages'!$E$6+V142*'Factors & Percentages'!$E$7) -> 5075.9287 | X142: 0.5 | Y142: =X142*'Factors & Percentages'!$E$10 -> 7080.4846 | Z142: 0.047446658 | AA142: =+'Factors & Percentages'!E$13*Z142 -> 7908.1315 | AB142: 26 | AC142: 41 | AD142: 10963 | AE142: =AB142*'Factors & Percentages'!$E$16+AC142*'Factors & Percentages'!$E$17+AD142*'Factors & Percentages'!$E$18 -> 6940.9994 | AF142: =W142+Y142+AA142+AE142 -> 27005.544 | AG142: =IF($L142>SUM(I142:K142)/3,$AF142,MIN(AF142,$I142*0.65)) -> 27005.544 | AH142: =IF($AL142>$AF142,$AL142*(1+'Factors & Percentages'!$B$3), IF($AF142>$AG142,$AG142, IF($AF142>$BOJ142,$AF142, $AL142*(1+'Factors & Percentages'!$B$3)))) -> 27005.544 | AI142: =IF(+MIN(AH142,+X142*2*AK$1)-(AL142*(1+'Factors & Percentages'!B$3))>0,0,+MIN(AH142,+X142*2*AK$1)-(AL142*(1+'Factors & Percentages'!B$3))) -> 0 | AJ142: =MIN(AH142-AI142,+X142*2*AK$1) -> 27005.544 | AL142: 20000
A143: 130050 | B143: St. Cuthbert Peterlee | C143: Peterlee | D143: Peterlee | E143: SUNDERLAND | F143: Easington | G143: =+AJ143 -> 37852.5 | H143: 38587.5 | I143: 52617 | J143: 58192 | K143: 64397 | L143: 11362 | M143: 22643 | N143: 29239 | O143: 15120 | P143: 18027 | Q143: 22344 | R143: 11041 | S143: 8781 | T143: 13375 | U143: =I143+R143*0.1 -> 53721.1 | V143: =L143+0.1*O143 -> 12874 | W143: =SUM(U143*'Factors & Percentages'!$E$6+V143*'Factors & Percentages'!$E$7) -> 6008.9455 | X143: 1 | Y143: =X143*'Factors & Percentages'!$E$10 -> 14160.969 | Z143: 0.024083966 | AA143: =+'Factors & Percentages'!E$13*Z143 -> 4014.1746 | AB143: 34 | AC143: 78 | AD143: 20643 | AE143: =AB143*'Factors & Percentages'!$E$16+AC143*'Factors & Percentages'!$E$17+AD143*'Factors & Percentages'!$E$18 -> 11081.331 | AF143: =W143+Y143+AA143+AE143 -> 35265.421 | AG143: =IF($L143>SUM(I143:K143)/3,$AF143,MIN(AF143,$I143*0.65)) -> 34201.05 | AH143: =IF($AL143>$AF143,$AL143*(1+'Factors & Percentages'!$B$3), IF($AF143>$AG143,$AG143, IF($AF143>$BOJ143,$AF143, $AL143*(1+'Factors & Percentages'!$B$3)))) -> 37852.5 | AI143: =IF(+MIN(AH143,+X143*2*AK$1)-(AL143*(1+'Factors & Percentages'!B$3))>0,0,+MIN(AH143,+X143*2*AK$1)-(AL143*(1+'Factors & Percentages'!B$3))) -> 0 | AJ143: =MIN(AH143-AI143,+X143*2*AK$1) -> 37852.5 | AL143: 36750
A144: 130340 | B144: Pittington | C144: Pittington: St Laurence | D144: Pittington St Laurence | E144: DURHAM | F144: DURHAM | G144: =+AJ144 -> 19729.45 | H144: 30488.974 | I144: 30353 | J144: 36784 | K144: 30821 | L144: 18835 | M144: 33208 | N144: 33797 | O144: 30857 | P144: 27707 | Q144: 23561 | R144: 4150 | S144: 2517 | T144: 2690 | U144: =I144+R144*0.1 -> 30768 | V144: =L144+0.1*O144 -> 21920.7 | W144: =SUM(U144*'Factors & Percentages'!$E$6+V144*'Factors & Percentages'!$E$7) -> 4462.1554 | X144: 0.3 | Y144: =X144*'Factors & Percentages'!$E$10 -> 4248.2908 | Z144: 0.058068637 | AA144: =+'Factors & Percentages'!E$13*Z144 -> 9678.5408 | AB144: 21 | AC144: 34 | AD144: 1568 | AE144: =AB144*'Factors & Percentages'!$E$16+AC144*'Factors & Percentages'!$E$17+AD144*'Factors & Percentages'!$E$18 -> 4026.6345 | AF144: =W144+Y144+AA144+AE144 -> 22415.621 | AG144: =IF($L144>SUM(I144:K144)/3,$AF144,MIN(AF144,$I144*0.65)) -> 19729.45 | AH144: =IF($AL144>$AF144,$AL144*(1+'Factors & Percentages'!$B$3), IF($AF144>$AG144,$AG144, IF($AF144>$BOJ144,$AF144, $AL144*(1+'Factors & Percentages'!$B$3)))) -> 19729.45 | AI144: =IF(+MIN(AH144,+X144*2*AK$1)-(AL144*(1+'Factors & Percentages'!B$3))>0,0,+MIN(AH144,+X144*2*AK$1)-(AL144*(1+'Factors & Percentages'!B$3))) -> 0 | AJ144: =MIN(AH144-AI144,+X144*2*AK$1) -> 19729.45 | AL144: 15000
A145: 130312 | B145: All Saints Preston upon Tees | C145: Preston-onTees | D145: Preston on Tees | E145: AUCKLAND | F145: STOCKTON | G145: =+AJ145 -> 90846 | H145: 88200 | I145: 251775 | J145: 241846 | K145: 237679 | L145: 90010 | M145: 72575 | N145: 47312 | O145: 6245 | P145: 11162 | Q145: 8946 | R145: 13856 | S145: 25735 | T145: 44386 | U145: =I145+R145*0.1 -> 253160.6 | V145: =L145+0.1*O145 -> 90634.5 | W145: =SUM(U145*'Factors & Percentages'!$E$6+V145*'Factors & Percentages'!$E$7) -> 30419.502 | X145: 0.9 | Y145: =X145*'Factors & Percentages'!$E$10 -> 12744.872 | Z145: 0.078640464 | AA145: =+'Factors & Percentages'!E$13*Z145 -> 13107.333 | AB145: 126 | AC145: 126 | AD145: 2970 | AE145: =AB145*'Factors & Percentages'!$E$16+AC145*'Factors & Percentages'!$E$17+AD145*'Factors & Percentages'!$E$18 -> 20767.271 | AF145: =W145+Y145+AA145+AE145 -> 77038.978 | AG145: =IF($L145>SUM(I145:K145)/3,$AF145,MIN(AF145,$I145*0.65)) -> 77038.978 | AH145: =IF($AL145>$AF145,$AL145*(1+'Factors & Percentages'!$B$3), IF($AF145>$AG145,$AG145, IF($AF145>$BOJ145,$AF145, $AL145*(1+'Factors & Percentages'!$B$3)))) -> 90846 | AI145: =IF(+MIN(AH145,+X145*2*AK$1)-(AL145*(1+'Factors & Percentages'!B$3))>0,0,+MIN(AH145,+X145*2*AK$1)-(AL145*(1+'Factors & Percentages'!B$3))) -> 0 | AJ145: =MIN(AH145-AI145,+X145*2*AK$1) -> 90846 | AL145: 88200
A146: 130126 | B146: Rekendyke | C146: Rekendyke | D146: Rekendyke | E146: SUNDERLAND | F146: JARROW | G146: =+AJ146 -> 11073.4 | H146: 15241.571 | I146: 17036 | J146: 26865 | K146: 16252 | L146: 19366 | M146: 21887 | N146: 17345 | O146: 11956 | P146: 8769 | Q146: 8631 | R146: 9546 | S146: 138 | T146: 5154 | U146: =I146+R146*0.1 -> 17990.6 | V146: =L146+0.1*O146 -> 20561.6 | W146: =SUM(U146*'Factors & Percentages'!$E$6+V146*'Factors & Percentages'!$E$7) -> 3152.4218 | X146: 0.5 | Y146: =X146*'Factors & Percentages'!$E$10 -> 7080.4846 | Z146: 0.018653376 | AA146: =+'Factors & Percentages'!E$13*Z146 -> 3109.0355 | AB146: 18 | AC146: 29 | AD146: 6964 | AE146: =AB146*'Factors & Percentages'!$E$16+AC146*'Factors & Percentages'!$E$17+AD146*'Factors & Percentages'!$E$18 -> 4683.3313 | AF146: =W146+Y146+AA146+AE146 -> 18025.273 | AG146: =IF($L146>SUM(I146:K146)/3,$AF146,MIN(AF146,$I146*0.65)) -> 11073.4 | AH146: =IF($AL146>$AF146,$AL146*(1+'Factors & Percentages'!$B$3), IF($AF146>$AG146,$AG146, IF($AF146>$BOJ146,$AF146, $AL146*(1+'Factors & Percentages'!$B$3)))) -> 11073.4 | AI146: =IF(+MIN(AH146,+X146*2*AK$1)-(AL146*(1+'Factors & Percentages'!B$3))>0,0,+MIN(AH146,+X146*2*AK$1)-(AL146*(1+'Factors & Percentages'!B$3))) -> 0 | AJ146: =MIN(AH146-AI146,+X146*2*AK$1) -> 11073.4 | AL146: 6000
A147: 130174 | B147: Ryhope | C147: Ryhope | D147: Ryhope | E147: SUNDERLAND | F147: WEARMOUTH | G147: =+AJ147 -> 39257.598 | H147: 35959.403 | I147: 62526 | J147: 61126 | K147: 58569 | L147: 42685 | M147: 36168 | N147: 44947 | O147: 35049 | P147: 173099 | Q147: 39025 | R147: 948 | S147: 846 | T147: 1008 | U147: =I147+R147*0.1 -> 62620.8 | V147: =L147+0.1*O147 -> 46189.9 | W147: =SUM(U147*'Factors & Percentages'!$E$6+V147*'Factors & Percentages'!$E$7) -> 9192.1788 | X147: 1 | Y147: =X147*'Factors & Percentages'!$E$10 -> 14160.969 | Z147: 0.037316218 | AA147: =+'Factors & Percentages'!E$13*Z147 -> 6219.6489 | AB147: 43 | AC147: 59 | AD147: 10984 | AE147: =AB147*'Factors & Percentages'!$E$16+AC147*'Factors & Percentages'!$E$17+AD147*'Factors & Percentages'!$E$18 -> 9684.8011 | AF147: =W147+Y147+AA147+AE147 -> 39257.598 | AG147: =IF($L147>SUM(I147:K147)/3,$AF147,MIN(AF147,$I147*0.65)) -> 39257.598 | AH147: =IF($AL147>$AF147,$AL147*(1+'Factors & Percentages'!$B$3), IF($AF147>$AG147,$AG147, IF($AF147>$BOJ147,$AF147, $AL147*(1+'Factors & Percentages'!$B$3)))) -> 39257.598 | AI147: =IF(+MIN(AH147,+X147*2*AK$1)-(AL147*(1+'Factors & Percentages'!B$3))>0,0,+MIN(AH147,+X147*2*AK$1)-(AL147*(1+'Factors & Percentages'!B$3))) -> 0 | AJ147: =MIN(AH147-AI147,+X147*2*AK$1) -> 39257.598 | AL147: 34320
A148: 130087 | B148: Ryton | C148: Ryton | D148: Ryton | E148: SUNDERLAND | F148: GATESHEAD, WEST | G148: =+AJ148 -> 35369.188 | H148: 35457.759 | I148: 65076 | J148: 60819 | K148: 57921 | L148: 18664 | M148: 12593 | N148: 14303 | O148: 19294 | P148: 17637 | Q148: 15903 | R148: 3589 | S148: 4045 | T148: 14445 | U148: =I148+R148*0.1 -> 65434.9 | V148: =L148+0.1*O148 -> 20593.4 | W148: =SUM(U148*'Factors & Percentages'!$E$6+V148*'Factors & Percentages'!$E$7) -> 7663.8223 | X148: 0.5 | Y148: =X148*'Factors & Percentages'!$E$10 -> 7080.4846 | Z148: 0.060078102 | AA148: =+'Factors & Percentages'!E$13*Z148 -> 10013.467 | AB148: 49 | AC148: 92 | AD148: 7729 | AE148: =AB148*'Factors & Percentages'!$E$16+AC148*'Factors & Percentages'!$E$17+AD148*'Factors & Percentages'!$E$18 -> 10611.415 | AF148: =W148+Y148+AA148+AE148 -> 35369.188 | AG148: =IF($L148>SUM(I148:K148)/3,$AF148,MIN(AF148,$I148*0.65)) -> 35369.188 | AH148: =IF($AL148>$AF148,$AL148*(1+'Factors & Percentages'!$B$3), IF($AF148>$AG148,$AG148, IF($AF148>$BOJ148,$AF148, $AL148*(1+'Factors & Percentages'!$B$3)))) -> 35369.188 | AI148: =IF(+MIN(AH148,+X148*2*AK$1)-(AL148*(1+'Factors & Percentages'!B$3))>0,0,+MIN(AH148,+X148*2*AK$1)-(AL148*(1+'Factors & Percentages'!B$3))) -> 0 | AJ148: =MIN(AH148-AI148,+X148*2*AK$1) -> 35369.188 | AL148: 20000
A149: 130248 | B149: Sadberge | C149: Sadberge | D149: Sadberge | E149: AUCKLAND | F149: DARLINGTON | G149: =+AJ149 -> 21544.186 | H149: 21544.186 | I149: 39262 | J149: 35688 | K149: 26401 | L149: 52558 | M149: 45851 | N149: 20660 | O149: 158 | P149: 3502 | Q149: 3326 | R149: 0 | S149: 0 | T149: 1203 | U149: =I149+R149*0.1 -> 39262 | V149: =L149+0.1*O149 -> 52573.8 | W149: =SUM(U149*'Factors & Percentages'!$E$6+V149*'Factors & Percentages'!$E$7) -> 7420.0123 | X149: 0.1 | Y149: =X149*'Factors & Percentages'!$E$10 -> 1416.0969 | Z149: 0.068017957 | AA149: =+'Factors & Percentages'!E$13*Z149 -> 11336.835 | AB149: 30 | AC149: 43 | AD149: 711 | AE149: =AB149*'Factors & Percentages'!$E$16+AC149*'Factors & Percentages'!$E$17+AD149*'Factors & Percentages'!$E$18 -> 5274.961 | AF149: =W149+Y149+AA149+AE149 -> 25447.905 | AG149: =IF($L149>SUM(I149:K149)/3,$AF149,MIN(AF149,$I149*0.65)) -> 25447.905 | AH149: =IF($AL149>$AF149,$AL149*(1+'Factors & Percentages'!$B$3), IF($AF149>$AG149,$AG149, IF($AF149>$BOJ149,$AF149, $AL149*(1+'Factors & Percentages'!$B$3)))) -> 25447.905 | AI149: =IF(+MIN(AH149,+X149*2*AK$1)-(AL149*(1+'Factors & Percentages'!B$3))>0,0,+MIN(AH149,+X149*2*AK$1)-(AL149*(1+'Factors & Percentages'!B$3))) -> 0 | AJ149: =MIN(AH149-AI149,+X149*2*AK$1) -> 21544.186 | AL149: 9000
A150: 130292 | B150: Satley | C150: Satley | D150: Satley | E150: AUCKLAND | F150: AUCKLAND | G150: =+AJ150 -> 15504.076 | H150: 6494.8021 | I150: 9476 | J150: 9452 | K150: 9526 | L150: 35013 | M150: 11284 | N150: 8626 | O150: 22396 | P150: 6253 | Q150: 7454 | R150: 8960 | S150: 644 | T150: 874 | U150: =I150+R150*0.1 -> 10372 | V150: =L150+0.1*O150 -> 37252.6 | W150: =SUM(U150*'Factors & Percentages'!$E$6+V150*'Factors & Percentages'!$E$7) -> 3599.3556 | X150: 0.25 | Y150: =X150*'Factors & Percentages'!$E$10 -> 3540.2423 | Z150: 0.039884017 | AA150: =+'Factors & Percentages'!E$13*Z150 -> 6647.6347 | AB150: 9 | AC150: 16 | AD150: 467 | AE150: =AB150*'Factors & Percentages'!$E$16+AC150*'Factors & Percentages'!$E$17+AD150*'Factors & Percentages'!$E$18 -> 1716.843 | AF150: =W150+Y150+AA150+AE150 -> 15504.076 | AG150: =IF($L150>SUM(I150:K150)/3,$AF150,MIN(AF150,$I150*0.65)) -> 15504.076 | AH150: =IF($AL150>$AF150,$AL150*(1+'Factors & Percentages'!$B$3), IF($AF150>$AG150,$AG150, IF($AF150>$BOJ150,$AF150, $AL150*(1+'Factors & Percentages'!$B$3)))) -> 15504.076 | AI150: =IF(+MIN(AH150,+X150*2*AK$1)-(AL150*(1+'Factors & Percentages'!B$3))>0,0,+MIN(AH150,+X150*2*AK$1)-(AL150*(1+'Factors & Percentages'!B$3))) -> 0 | AJ150: =MIN(AH150-AI150,+X150*2*AK$1) -> 15504.076 | AL150: 1000
A151: 130052 | B151: Seaham Harbour and Dawdon | C151: Seaham Harbour and Dawdon | D151: Seaham Harbour & Dawdon | E151: SUNDERLAND | F151: Easington | G151: =+AJ151 -> 30137.22 | H151: 32078.713 | I151: 66977 | J151: 65250 | K151: 58774 | L151: 33211 | M151: 32420 | N151: 23634 | O151: =+P151 -> 37063 | P151: 37063 | Q151: 9169 | R151: 0 | S151: 0 | T151: 20279 | U151: =I151+R151*0.1 -> 66977 | V151: =L151+0.1*O151 -> 36917.3 | W151: =SUM(U151*'Factors & Percentages'!$E$6+V151*'Factors & Percentages'!$E$7) -> 8955.646 | X151: 0.8 | Y151: =X151*'Factors & Percentages'!$E$10 -> 11328.775 | Z151: 0.022657447 | AA151: =+'Factors & Percentages'!E$13*Z151 -> 3776.4107 | AB151: 15 | AC151: 69 | AD151: 10521 | AE151: =AB151*'Factors & Percentages'!$E$16+AC151*'Factors & Percentages'!$E$17+AD151*'Factors & Percentages'!$E$18 -> 6076.3881 | AF151: =W151+Y151+AA151+AE151 -> 30137.22 | AG151: =IF($L151>SUM(I151:K151)/3,$AF151,MIN(AF151,$I151*0.65)) -> 30137.22 | AH151: =IF($AL151>$AF151,$AL151*(1+'Factors & Percentages'!$B$3), IF($AF151>$AG151,$AG151, IF($AF151>$BOJ151,$AF151, $AL151*(1+'Factors & Percentages'!$B$3)))) -> 30137.22 | AI151: =IF(+MIN(AH151,+X151*2*AK$1)-(AL151*(1+'Factors & Percentages'!B$3))>0,0,+MIN(AH151,+X151*2*AK$1)-(AL151*(1+'Factors & Percentages'!B$3))) -> 0 | AJ151: =MIN(AH151-AI151,+X151*2*AK$1) -> 30137.22 | AL151: 23940
A152: 130054 | B152: Seaham | C152: Seaham: St. Mary the Virgin | D152: Seaham St Mary the Virgin | E152: SUNDERLAND | F152: Easington | G152: =+AJ152 -> 27834.738 | H152: 28456.177 | I152: 16945 | J152: 9866 | K152: 13020 | L152: 18330 | M152: 29953 | N152: 36799 | O152: 0 | P152: 0 | Q152: 0 | R152: 0 | S152: 0 | T152: 0 | U152: =I152+R152*0.1 -> 16945 | V152: =L152+0.1*O152 -> 18330 | W152: =SUM(U152*'Factors & Percentages'!$E$6+V152*'Factors & Percentages'!$E$7) -> 2896.4809 | X152: 0.2 | Y152: =X152*'Factors & Percentages'!$E$10 -> 2832.1939 | Z152: 0.10868856 | AA152: =+'Factors & Percentages'!E$13*Z152 -> 18115.574 | AB152: 15 | AC152: 56 | AD152: 2532 | AE152: =AB152*'Factors & Percentages'!$E$16+AC152*'Factors & Percentages'!$E$17+AD152*'Factors & Percentages'!$E$18 -> 3990.4896 | AF152: =W152+Y152+AA152+AE152 -> 27834.738 | AG152: =IF($L152>SUM(I152:K152)/3,$AF152,MIN(AF152,$I152*0.65)) -> 27834.738 | AH152: =IF($AL152>$AF152,$AL152*(1+'Factors & Percentages'!$B$3), IF($AF152>$AG152,$AG152, IF($AF152>$BOJ152,$AF152, $AL152*(1+'Factors & Percentages'!$B$3)))) -> 27834.738 | AI152: =IF(+MIN(AH152,+X152*2*AK$1)-(AL152*(1+'Factors & Percentages'!B$3))>0,0,+MIN(AH152,+X152*2*AK$1)-(AL152*(1+'Factors & Percentages'!B$3))) -> 0 | AJ152: =MIN(AH152-AI152,+X152*2*AK$1) -> 27834.738 | AL152: 7135
A153: 130262 | B153: Seaton Carew | C153: Seaton Carew | D153: Seaton Carew | E153: AUCKLAND | F153: Hartlepool | G153: =+AJ153 -> 29396.252 | H153: 29634.065 | I153: 41994 | J153: 40645 | K153: 34670 | L153: 54407 | M153: 92784 | N153: 16027 | O153: 16588 | P153: 15376 | Q153: 25277 | R153: 1863 | S153: 1041 | T153: 5796 | U153: =I153+R153*0.1 -> 42180.3 | V153: =L153+0.1*O153 -> 56065.8 | W153: =SUM(U153*'Factors & Percentages'!$E$6+V153*'Factors & Percentages'!$E$7) -> 7942.3649 | X153: 0.5 | Y153: =X153*'Factors & Percentages'!$E$10 -> 7080.4846 | Z153: 0.045427289 | AA153: =+'Factors & Percentages'!E$13*Z153 -> 7571.5549 | AB153: 36 | AC153: 0 | AD153: 8949 | AE153: =AB153*'Factors & Percentages'!$E$16+AC153*'Factors & Percentages'!$E$17+AD153*'Factors & Percentages'!$E$18 -> 6801.8475 | AF153: =W153+Y153+AA153+AE153 -> 29396.252 | AG153: =IF($L153>SUM(I153:K153)/3,$AF153,MIN(AF153,$I153*0.65)) -> 29396.252 | AH153: =IF($AL153>$AF153,$AL153*(1+'Factors & Percentages'!$B$3), IF($AF153>$AG153,$AG153, IF($AF153>$BOJ153,$AF153, $AL153*(1+'Factors & Percentages'!$B$3)))) -> 29396.252 | AI153: =IF(+MIN(AH153,+X153*2*AK$1)-(AL153*(1+'Factors & Percentages'!B$3))>0,0,+MIN(AH153,+X153*2*AK$1)-(AL153*(1+'Factors & Percentages'!B$3))) -> 0 | AJ153: =MIN(AH153-AI153,+X153*2*AK$1) -> 29396.252 | AL153: 20350
A154: 130029i | D154: Shadforth | E154: DURHAM | F154: DURHAM | G154: =+AJ154 -> 15969.774 | H154: 15306.97 | I154: 11234 | J154: 14826 | K154: 13897 | L154: 24687 | M154: 24044 | N154: 24686 | O154: 1426 | P154: 1395 | Q154: 1384 | R154: 31 | S154: 11 | T154: 234 | U154: =I154+R154*0.1 -> 11237.1 | V154: =L154+0.1*O154 -> 24829.6 | W154: =SUM(U154*'Factors & Percentages'!$E$6+V154*'Factors & Percentages'!$E$7) -> 2809.9967 | X154: 0.25 | Y154: =X154*'Factors & Percentages'!$E$10 -> 3540.2423 | Z154: =+Z155 -> 0.035511994 | AA154: =+'Factors & Percentages'!E$13*Z154 -> 5918.9315 | AB154: 15 | AC154: 44 | AD154: 2597 | AE154: =AB154*'Factors & Percentages'!$E$16+AC154*'Factors & Percentages'!$E$17+AD154*'Factors & Percentages'!$E$18 -> 3700.6032 | AF154: =W154+Y154+AA154+AE154 -> 15969.774 | AG154: =IF($L154>SUM(I154:K154)/3,$AF154,MIN(AF154,$I154*0.65)) -> 15969.774 | AH154: =IF($AL154>$AF154,$AL154*(1+'Factors & Percentages'!$B$3), IF($AF154>$AG154,$AG154, IF($AF154>$BOJ154,$AF154, $AL154*(1+'Factors & Percentages'!$B$3)))) -> 15969.774 | AI154: =IF(+MIN(AH154,+X154*2*AK$1)-(AL154*(1+'Factors & Percentages'!B$3))>0,0,+MIN(AH154,+X154*2*AK$1)-(AL154*(1+'Factors & Percentages'!B$3))) -> 0 | AJ154: =MIN(AH154-AI154,+X154*2*AK$1) -> 15969.774 | AL154: 1200
A155: 130029 | B155: Shadforth and Sherburn | C155: Shadforth and Sherburn | D155: Sherburn | E155: DURHAM | F155: DURHAM | G155: =+AJ155 -> 16714.549 | H155: 16854.025 | I155: 30721 | J155: 32869 | K155: 25040 | L155: 31094 | M155: 26151 | N155: 37545 | O155: 14515 | P155: 14515 | Q155: 6314 | R155: 151 | S155: 151 | T155: 56 | U155: =I155+R155*0.1 -> 30736.1 | V155: =L155+0.1*O155 -> 32545.5 | W155: =SUM(U155*'Factors & Percentages'!$E$6+V155*'Factors & Percentages'!$E$7) -> 5204.5437 | X155: 0.25 | Y155: =X155*'Factors & Percentages'!$E$10 -> 3540.2423 | Z155: 0.035511994 | AA155: =+'Factors & Percentages'!E$13*Z155 -> 5918.9315 | AB155: 8 | AC155: 16 | AD155: 2597 | AE155: =AB155*'Factors & Percentages'!$E$16+AC155*'Factors & Percentages'!$E$17+AD155*'Factors & Percentages'!$E$18 -> 2050.832 | AF155: =W155+Y155+AA155+AE155 -> 16714.549 | AG155: =IF($L155>SUM(I155:K155)/3,$AF155,MIN(AF155,$I155*0.65)) -> 16714.549 | AH155: =IF($AL155>$AF155,$AL155*(1+'Factors & Percentages'!$B$3), IF($AF155>$AG155,$AG155, IF($AF155>$BOJ155,$AF155, $AL155*(1+'Factors & Percentages'!$B$3)))) -> 16714.549 | AI155: =IF(+MIN(AH155,+X155*2*AK$1)-(AL155*(1+'Factors & Percentages'!B$3))>0,0,+MIN(AH155,+X155*2*AK$1)-(AL155*(1+'Factors & Percentages'!B$3))) -> 0 | AJ155: =MIN(AH155-AI155,+X155*2*AK$1) -> 16714.549 | AL155: 12000
A156: 130199 | B156: Shildon | C156: Shildon | D156: Shildon | E156: AUCKLAND | F156: AUCKLAND | G156: =+AJ156 -> 33926.555 | H156: 28350 | I156: 64498 | J156: 56673 | K156: 65218 | L156: 73446 | M156: 14436 | N156: 34059 | O156: 10484 | P156: 5461 | Q156: 3023 | R156: 951 | S156: 985 | T156: 3960 | U156: =I156+R156*0.1 -> 64593.1 | V156: =L156+0.1*O156 -> 74494.4 | W156: =SUM(U156*'Factors & Percentages'!$E$6+V156*'Factors & Percentages'!$E$7) -> 11365.43 | X156: 0.75 | Y156: =X156*'Factors & Percentages'!$E$10 -> 10620.727 | Z156: 0.02210272 | AA156: =+'Factors & Percentages'!E$13*Z156 -> 3683.9521 | AB156: 35 | AC156: 51 | AD156: 10296 | AE156: =AB156*'Factors & Percentages'!$E$16+AC156*'Factors & Percentages'!$E$17+AD156*'Factors & Percentages'!$E$18 -> 8256.4453 | AF156: =W156+Y156+AA156+AE156 -> 33926.555 | AG156: =IF($L156>SUM(I156:K156)/3,$AF156,MIN(AF156,$I156*0.65)) -> 33926.555 | AH156: =IF($AL156>$AF156,$AL156*(1+'Factors & Percentages'!$B$3), IF($AF156>$AG156,$AG156, IF($AF156>$BOJ156,$AF156, $AL156*(1+'Factors & Percentages'!$B$3)))) -> 33926.555 | AI156: =IF(+MIN(AH156,+X156*2*AK$1)-(AL156*(1+'Factors & Percentages'!B$3))>0,0,+MIN(AH156,+X156*2*AK$1)-(AL156*(1+'Factors & Percentages'!B$3))) -> 0 | AJ156: =MIN(AH156-AI156,+X156*2*AK$1) -> 33926.555 | AL156: 28350
A157: 130033 | B157: Shincliffe | C157: Shincliffe | D157: Shincliffe | E157: DURHAM | F157: DURHAM | G157: =+AJ157 -> 33517.9 | H157: 32551.35 | I157: 51566 | J157: 50079 | K157: 50057 | L157: 37227 | M157: 46372 | N157: 44198 | O157: 6916 | P157: 9252 | Q157: 3798 | R157: 1558 | S157: 4616 | T157: 4604 | U157: =I157+R157*0.1 -> 51721.8 | V157: =L157+0.1*O157 -> 37918.6 | W157: =SUM(U157*'Factors & Percentages'!$E$6+V157*'Factors & Percentages'!$E$7) -> 7576.0212 | X157: 0.25 | Y157: =X157*'Factors & Percentages'!$E$10 -> 3540.2423 | Z157: 0.18639329 | AA157: =+'Factors & Percentages'!E$13*Z157 -> 31066.943 | AB157: 30 | AC157: 0 | AD157: 2272 | AE157: =AB157*'Factors & Percentages'!$E$16+AC157*'Factors & Percentages'!$E$17+AD157*'Factors & Percentages'!$E$18 -> 4528.1791 | AF157: =W157+Y157+AA157+AE157 -> 46711.386 | AG157: =IF($L157>SUM(I157:K157)/3,$AF157,MIN(AF157,$I157*0.65)) -> 33517.9 | AH157: =IF($AL157>$AF157,$AL157*(1+'Factors & Percentages'!$B$3), IF($AF157>$AG157,$AG157, IF($AF157>$BOJ157,$AF157, $AL157*(1+'Factors & Percentages'!$B$3)))) -> 33517.9 | AI157: =IF(+MIN(AH157,+X157*2*AK$1)-(AL157*(1+'Factors & Percentages'!B$3))>0,0,+MIN(AH157,+X157*2*AK$1)-(AL157*(1+'Factors & Percentages'!B$3))) -> 0 | AJ157: =MIN(AH157-AI157,+X157*2*AK$1) -> 33517.9 | AL157: 30000
...

Sheet Factors & Percentages
A1: CALULATION FACTORS
A2: PARISH SHARE TARGET (Gross GP) | B2: 6529150.9
A3: INFLATION ASSUMPTION | B3: 0.03
A5: GP FINANCE FACTORS | B5: Weighting in Calculation | C5: Weighted Gross GP | D5: Total per Base Data | E5: Factor to be applied to Base Data
A6: Unrestricted Income + 10% of Restricted Income | B6: 0.15 | C6: 979372.64 | D6: 10304702 | E6: 0.095041331
A7: Unrestricted Reserves (UR Cash & Investments)( + 10% of Restricted | B7: 0.1 | C7: 652915.09 | D7: 9306284.9 | E7: 0.070158511
C8: 1632287.7 | D8: 19610987
A9: MINISTRY
A10: Full Time Clergy | B10: 0.25 | C10: 1632287.7 | D10: 115.26667 | E10: 14160.969
A12: DEPRIVATION
A13: IMD Score | B13: 0.25 | C13: 1632287.7 | D13: 9.7932866 | E13: 166674.15
A15: PEOPLE
A16: Usual Sunday Attendance | B16: 0.15 | C16: 979372.64 | D16: 7293 | E16: 134.28941
A17: Electoral Roll | B17: 0.05 | C17: 326457.55 | D17: 12879 | E17: 25.348051
A18: Parish Population | B18: 0.05 | C18: 326457.55 | D18: 1484917 | E18: 0.21984902
A19: Factor Weighting | B19: 1 | C19: 6529150.9
